Map: Double the Carnage 3.0

Players

MrFercho

  • Race: Zerg Zerg
  • Spawn Location: 12:00

TATORREA

  • Race: Protoss Protoss
  • League: Silver
  • Spawn Location: 7:00

tigro

  • Race: Terran Terran
  • Spawn Location: 6:00

Player 4

  • Race: Zerg Zerg
  • Spawn Location: 1:00

Player 5

  • Race: Protoss Protoss
  • Spawn Location: 7:00

Player 6

  • Race: Protoss Protoss
  • Spawn Location: 0:00

Player 7

  • Race: Zerg Zerg
  • Spawn Location: 11:00

Player 8

  • Race: Protoss Protoss
  • Spawn Location: 12:00

Player 9

  • Race: Zerg Zerg
  • Spawn Location: 0:00

Player 10

  • Race: Terran Terran
  • Spawn Location: 3:00

Player 11

  • Race: Terran Terran
  • Spawn Location: 5:00

Player 12

  • Race: Zerg Zerg
  • Spawn Location: 3:00

VOD

Have the link to the VOD?

Description

Time

  • Played on: April 26, 2020, 9:26 p.m.
  • Length: 40:20
Show
View Real Time Build Order
Export as new Build Order

MrFercho Zerg 

Build Orders: Pool First 

Get SALT Encoding   

  12  0:04  Drone  
  13  0:13  Overlord  
  13  0:15  Drone  
  14  0:30  Overlord  
  14  0:31  Overlord  
  14  0:39  Drone  
  15  0:57  Spawning Pool  
  14  1:05  Hatchery  
  14  1:07  Unknown  
  14  1:09  Drone x2  
  14  1:23  Unknown  
  13  1:40  Hatchery  
  12  1:53  Drone  
  12  1:54  Drone x2  
  15  2:05  Metabolic Boost  
  15  2:10  Queen  
  17  2:36  Zergling x10  
  22  3:08  Hatchery  
  22  3:11  Hatchery  
  20  3:29  Zergling x4  
  20  3:30  Zergling x2, Overlord  
  20  3:31  Drone  
  20  3:33  Zergling x2  
  23  5:09  Drone  
  23  5:10  Drone x19  
  43  5:37  Burrow  
  42  6:12  Lair  
  42  6:29  Roach Warren  
  41  6:33  Baneling Nest  
  41  6:36  Spine Crawler  
  39  6:41  Spine Crawler  
  39  6:44  Spine Crawler  
  37  6:52  Spine Crawler  
  36  6:56  Spine Crawler  
  35  7:03  Hatchery  
  35  7:04  Unknown  
  35  7:05  Unknown  
  32  7:58  Spire  
  32  7:59  Spire  
  30  8:05  Spire  
  30  8:11  Infestation Pit  
  28  8:19  Hydralisk Den  
  27  9:11  Mutalisk  
  27  9:12  Mutalisk x11  
  27  9:13  Mutalisk x3  
  43  9:57  Hydralisk x3  
  43  9:58  Hydralisk x12  
  24  10:35  Mutalisk x6  
Show
View Real Time Build Order
Export as new Build Order

TATORREA Protoss 

Build Orders:  

Get SALT Encoding   

  12  0:03  Probe  
  13  0:15  Probe  
  13  0:20  Pylon  
  14  0:24  Assimilator  
  14  0:28  Assimilator  
  14  0:32  Probe  
  15  0:44  Probe  
  16  0:56  Probe  
  17  1:03  Gateway  
  17  1:06  Gateway  
  17  1:08  Probe  
  18  1:21  Probe  
  18  1:25  Pylon  
  19  1:31  Pylon  
  19  1:33  Probe  
  19  1:37  Pylon  
  20  1:42  Pylon  
  20  1:45  Probe  
  21  1:57  Probe  
  21  2:01  Cybernetics Core  
  22  2:03  Forge  
  22  2:12  Gateway  
  22  2:15  Gateway  
  22  2:27  Probe (Chrono Boost)  
  23  2:35  Probe (Chrono Boost)  
  24  2:42  Probe (Chrono Boost)  
  25  2:44  Protoss Ground Weapons Level 1  
  25  2:48  Probe, Warp Gate  
  26  3:00  Probe  
  27  3:08  Zealot  
  27  3:09  Zealot x3  
  27  3:12  Probe  
  36  3:24  Probe  
  37  3:33  Nexus  
  37  3:35  Unknown  
  37  3:36  Probe, Unknown  
  38  3:48  Probe  
  39  4:00  Probe  
  40  4:12  Probe  
  41  4:19  Robotics Facility  
  41  4:25  Probe  
  41  4:27  Twilight Council  
  42  4:32  Stargate  
  42  4:41  Probe  
  43  4:53  Probe, Protoss Shields Level 1  
  44  5:05  Probe  
  45  5:08  Probe  
  45  5:13  Nexus  
  46  5:16  Unknown, Stalker  
  46  5:17  Stalker  
  46  5:18  Stalker x2  
  46  5:21  Probe  
  55  5:25  Void Ray  
  59  5:28  Charge  
  59  5:33  Probe  
  60  5:52  Probe  
  62  6:04  Probe  
  62  6:07  Void Ray  
  66  6:16  Probe  
  67  6:19  Pylon  
  67  6:24  Pylon  
  67  6:27  Pylon  
  67  6:31  Pylon  
  67  6:41  Pylon  
  67  6:45  Pylon  
  67  6:50  Void Ray, Pylon  
  71  7:07  Probe  
  72  7:14  Probe  
  73  7:19  Probe  
  74  7:26  Probe  
  75  7:31  Probe  
  76  7:39  Probe  
  76  7:43  Probe  
  78  7:54  Protoss Ground Weapons Level 2  
  78  7:55  Probe  
  79  8:03  Protoss Air Weapons Level 1  
  79  8:05  Blink  
  79  8:34  Robotics Bay  
  79  8:37  Fleet Beacon  
  79  8:53  Robotics Facility  
  79  8:58  Stargate  
  79  9:04  Stargate  
  79  9:11  Stargate  
  79  9:20  Stargate  
  79  9:33  Extended Thermal Lance  
  79  9:56  Colossus x2  
  91  10:06  Resonating Glaives  
  91  10:11  Protoss Air Armor Level 1  
  91  10:23  Tempest x4  
  91  10:24  Tempest  
  91  10:28  Protoss Ground Armor Level 1  
  116  10:58  Probe  
  117  11:06  Tempest x4  
  137  11:13  Gravitic Boosters  
  137  11:45  Pylon  
  137  11:48  Pylon  
  137  11:50  Pylon  
  137  11:53  Pylon  
  137  11:56  Pylon  
  137  11:59  Pylon  
  137  12:02  Tempest x2  
  137  12:03  Pylon  
  137  12:05  Pylon  
  137  12:06  Tempest x2  
  137  12:07  Pylon  
  137  12:08  Tempest  
  162  12:10  Pylon, Gravitic Drive  
  162  12:11  Mothership  
  170  12:36  Protoss Shields Level 2  
  170  12:38  Colossus x2  
  170  12:41  Protoss Air Weapons Level 2  
  182  12:45  Tempest x2  
  182  12:49  Tempest x2  
  182  12:51  Tempest  
  162  13:32  Colossus x2  
  159  14:25  Colossus x2  
  159  14:29  Unknown  
  171  14:54  Unknown  
  171  15:10  Protoss Ground Weapons Level 3  
  171  15:15  Protoss Air Armor Level 2  
  142  20:05  Protoss Ground Armor Level 2  
  142  20:31  Protoss Air Weapons Level 3  
  136  22:38  Protoss Shields Level 3  
  136  22:56  Unknown  
  136  23:29  Protoss Air Armor Level 3  
  136  23:49  Unknown  
  136  24:26  Unknown  
  136  24:29  Unknown  
  136  24:56  Nexus  
  136  26:36  Unknown  
  136  26:37  Unknown  
  136  26:39  Nexus  
  136  26:52  Protoss Ground Armor Level 3  
  136  30:44  Tempest x5  
  161  30:52  Colossus  
  161  30:53  Colossus  
  173  31:26  Tempest  
  173  31:27  Tempest x4  
  198  31:46  Colossus x2  
  210  32:09  Tempest x2  
  210  32:10  Tempest x3  
  235  33:36  Anion Pulse-Crystals  
  235  34:36  Unknown  
  235  34:40  Flux Vanes  
  235  36:36  Nexus  
  235  36:40  Unknown  
  235  36:43  Unknown  
  235  37:47  Tempest x3  
  250  38:18  Tempest  
  250  38:20  Tempest  
  244  38:30  Tempest x2  
  249  38:58  Tempest  
Show
View Real Time Build Order
Export as new Build Order

tigro Terran 

Build Orders:  

Get SALT Encoding   

  12  0:03  SCV  
  13  0:15  Supply Depot  
  13  0:16  SCV  
  14  0:21  Unknown  
  14  0:30  SCV  
  15  0:43  SCV  
  16  0:50  Barracks  
  16  0:55  SCV  
  17  1:04  Unknown  
  17  1:07  SCV  
  18  1:12  Supply Depot  
  18  1:19  SCV  
  19  1:31  SCV  
  20  1:40  Marine  
  20  1:43  SCV  
  22  1:47  Barracks  
  22  1:53  Engineering Bay  
  22  1:55  SCV  
  22  1:57  Marine  
  24  2:07  SCV  
  25  2:15  Marine  
  25  2:19  SCV  
  27  2:33  Marine  
  27  2:34  Factory  
  28  2:37  Orbital Command  
  28  2:43  Barracks Tech Lab  
  28  2:51  Marine  
  28  2:57  Missile Turret  
  29  3:09  Marine  
  30  3:20  Missile Turret  
  30  3:22  Factory Tech Lab  
  30  3:26  Marine  
  30  3:33  Armory, Combat Shield  
  31  3:44  Marine  
  31  3:46  Siege Tank  
  31  3:48  Missile Turret  
  35  3:51  Marauder  
  37  4:07  Missile Turret  
  37  4:11  Barracks Tech Lab  
  37  4:13  Marauder  
  39  4:32  Missile Turret  
  39  4:46  Starport  
  39  4:51  Stimpack  
  39  5:03  Missile Turret  
  39  5:23  Marauder, Siege Tank  
  39  5:26  Terran Infantry Weapons Level 1  
  44  5:29  Terran Vehicle Weapons Level 1  
  44  5:35  Missile Turret  
  44  5:45  Marauder  
  46  6:03  Command Center  
  46  6:07  Infernal Pre-Igniter  
  46  6:08  Missile Turret  
  46  6:49  Supply Depot  
  46  6:57  Concussive Shells  
  46  7:10  Medivac  
  46  7:12  Supply Depot  
  48  7:20  Terran Infantry Armor Level 1  
  48  7:22  Planetary Fortress  
  48  7:23  Terran Vehicle And Ship Armor Level 1  
  48  7:26  Mag-Field Accelerator  
  48  7:40  Missile Turret  
  48  8:01  Missile Turret  
  48  8:08  Unknown  
  48  8:09  Starport Tech Lab  
  48  8:11  Marine  
  49  8:15  Unknown, Marauder  
  49  8:18  Thor  
  57  8:22  Missile Turret  
  57  8:29  Marine  
  58  8:37  Marauder  
  60  8:43  Missile Turret  
  60  8:47  Marine  
  61  8:58  Marauder  
  61  9:01  Thor  
  69  9:03  Missile Turret  
  69  9:05  Drilling Claws, Marine  
  70  9:14  Neosteel Armor  
  70  9:18  Terran Ship Weapons Level 1  
  70  9:19  Marauder  
  70  9:23  Marine  
  73  9:41  Marauder  
  75  9:52  Thor  
  81  9:54  Command Center  
  81  9:56  Corvid Reactor  
  81  10:13  SCV  
  82  10:24  Smart Servos  
  82  10:25  Fusion Core  
  82  10:35  Thor  
  88  10:54  Hi-Sec Auto Tracking  
  88  11:11  Terran Vehicle Weapons Level 2  
  88  11:12  Planetary Fortress  
  88  11:14  Cloaking Field  
  88  11:17  Thor  
  94  11:21  Missile Turret  
  94  11:45  Missile Turret  
  94  11:51  Terran Infantry Weapons Level 2  
  94  12:02  Command Center  
  94  12:09  Missile Turret  
  94  12:33  Battlecruiser, Hyperflight Rotors, Missile Turret  
  100  12:53  Missile Turret  
  100  13:19  Starport  
  100  13:23  Unknown  
  98  13:27  Terran Vehicle And Ship Armor Level 2  
  68  13:37  Battlecruiser  
  40  13:49  Planetary Fortress  
  40  14:06  Terran Infantry Armor Level 2, Starport Tech Lab  
  40  14:07  Weapon Refit  
  40  14:12  Marine  
  40  14:16  Marine  
  42  14:30  Marine  
  43  14:34  Medivac, Marine  
  46  14:41  Battlecruiser  
  52  14:48  Marine  
  52  14:51  Marine  
  52  14:52  Unknown  
  54  15:06  Marine  
  55  15:09  Marine  
  55  15:11  Battlecruiser  
  62  15:21  SCV  
  63  15:24  Marine  
  63  15:27  Marine  
  65  15:33  SCV  
  66  15:45  SCV, Battlecruiser  
  66  15:47  Rapid Reignition System  
  73  15:57  SCV  
  74  16:09  SCV  
  75  16:15  Battlecruiser  
  81  16:35  Unknown  
  81  16:44  Advanced Ballistics  
  80  16:50  Battlecruiser  
  86  17:20  Battlecruiser  
  89  17:54  Battlecruiser  
  95  18:58  Battlecruiser  
  100  20:02  Battlecruiser  
  101  21:07  Battlecruiser x2  
  98  22:11  Battlecruiser  
  104  22:44  Unknown  
  104  23:03  Battlecruiser  
  104  23:04  Unknown  
  108  23:15  Battlecruiser  
  112  24:08  Battlecruiser  
  118  24:20  Battlecruiser  
  124  24:36  Command Center  
  124  25:34  Supply Depot  
  124  25:45  Supply Depot  
  124  25:48  Battlecruiser x2  
  130  26:52  Battlecruiser x2  
  142  27:03  Planetary Fortress  
  142  27:15  Supply Depot  
  142  27:56  Battlecruiser  
  148  28:48  Unknown  
  148  30:31  Battlecruiser  
  148  30:34  Battlecruiser  
  160  31:35  Battlecruiser  
  160  31:39  Battlecruiser  
  172  32:39  Battlecruiser  
  172  32:43  Battlecruiser  
  184  35:13  Supply Depot  
  184  35:35  Battlecruiser  
  190  35:36  Supply Depot  
  190  35:58  Battlecruiser  
  190  36:00  Supply Depot  
  196  36:39  Battlecruiser  
  202  37:02  Battlecruiser  
  208  39:13  Battlecruiser  
Show
View Real Time Build Order
Export as new Build Order

Player 4 Zerg 

Build Orders: Pool First 

Get SALT Encoding   

  12  0:01  Drone  
  13  0:11  Overlord  
  13  0:13  Drone  
  14  0:29  Drone x2  
  14  0:33  Drone  
  17  0:38  Spawning Pool  
  16  0:52  Hatchery  
  16  0:55  Drone  
  16  0:57  Drone  
  17  1:01  Unknown  
  16  1:06  Drone  
  17  1:16  Drone  
  18  1:27  Overlord, Queen  
  20  1:38  Drone  
  21  1:48  Zergling x2  
  22  1:57  Roach Warren  
  22  1:59  Drone  
  22  2:03  Queen  
  22  2:04  Drone  
  25  2:10  Drone  
  25  2:14  Drone  
  27  2:21  Drone  
  28  2:25  Drone  
  29  2:32  Drone  
  29  2:34  Zergling x2  
  29  2:35  Zergling x2, Overlord  
  29  2:36  Drone  
  33  2:37  Drone  
  33  2:38  Roach  
  33  2:39  Lair  
  36  2:44  Overlord  
  36  2:47  Overlord, Unknown  
  35  2:55  Drone  
  35  2:57  Roach  
  38  3:06  Zergling x2, Roach  
  38  3:07  Zergling x2  
  38  3:08  Zergling x2  
  38  3:09  Drone  
  38  3:10  Drone  
  38  3:11  Drone  
  38  3:12  Drone  
  47  3:13  Drone  
  47  3:14  Roach  
  47  3:15  Roach  
  47  3:16  Overlord  
  47  3:17  Drone  
  53  3:21  Drone  
  54  3:27  Drone  
  54  3:32  Overlord  
  55  3:38  Overlord  
  55  3:39  Roach  
  55  3:41  Roach  
  59  3:42  Infestation Pit  
  59  3:46  Drone x2  
  59  3:48  Roach  
  62  3:54  Overlord  
  62  3:56  Overlord  
  62  4:00  Roach  
  64  4:03  Roach  
  64  4:07  Roach  
  64  4:08  Roach  
  70  4:11  Roach  
  70  4:13  Roach  
  70  4:16  Roach  
  76  4:18  Roach  
  76  4:19  Drone  
  76  4:20  Infestor  
  76  4:22  Drone  
  76  4:23  Drone  
  83  4:25  Infestor, Drone  
  83  4:27  Infestor  
  83  4:28  Infestor  
  83  4:29  Infestor  
  92  4:31  Infestor  
  92  4:33  Queen  
  96  4:39  Spore Crawler  
  96  4:40  Drone  
  96  4:41  Infestor  
  96  4:43  Overlord  
  96  4:44  Infestor  
  100  4:45  Spore Crawler  
  100  4:46  Drone  
  100  5:04  Overlord  
  100  5:08  Drone  
  100  5:10  Zergling x2  
  100  5:13  Zergling x2, Hydralisk Den  
  102  5:15  Zergling x2  
  102  5:18  Drone  
  102  5:19  Unknown  
  102  5:21  Zergling x2  
  104  5:26  Unknown, Roach  
  105  5:28  Drone  
  105  5:32  Overlord  
  105  5:33  Baneling Nest  
  105  5:35  Roach  
  107  5:36  Roach  
  107  5:38  Drone  
  107  5:41  Roach  
  112  5:43  Evolution Chamber, Drone  
  112  5:45  Drone  
  112  5:47  Hydralisk  
  114  5:50  Hydralisk  
  114  5:53  Overseer  
  114  5:54  Evolution Chamber  
  114  5:55  Drone  
  115  5:57  Hatchery  
  115  5:58  Overlord  
  115  6:00  Hydralisk  
  115  6:03  Drone  
  116  6:05  Hydralisk  
  116  6:08  Drone  
  116  6:10  Hydralisk  
  119  6:13  Hydralisk  
  119  6:16  Drone  
  119  6:17  Hydralisk  
  122  6:20  Hydralisk  
  123  6:27  Overlord, Hive  
  123  6:30  Drone  
  124  6:33  Baneling  
  124  6:36  Baneling  
  124  6:38  Hydralisk  
  125  6:41  Baneling  
  125  6:45  Baneling  
  125  6:47  Baneling  
  125  6:49  Drone  
  125  6:52  Overlord  
  126  6:54  Zergling x2  
  126  6:58  Drone  
  126  7:01  Zergling x2  
  129  7:03  Baneling  
  129  7:06  Baneling  
  129  7:08  Zergling x2  
  129  7:12  Drone  
  129  7:13  Hydralisk  
  132  7:17  Evolution Chamber, Hydralisk  
  132  7:20  Baneling  
  132  7:23  Baneling  
  132  7:26  Zergling x2  
  133  7:32  Hatchery, Overlord  
  133  7:35  Drone  
  133  7:38  Hydralisk  
  133  7:39  Spire  
  133  7:45  Drone  
  133  7:46  Hydralisk  
  133  7:50  Baneling  
  135  7:53  Zergling x2  
  135  7:56  Baneling  
  137  7:58  Ravager  
  137  8:00  Hydralisk  
  137  8:04  Drone  
  139  8:06  Hydralisk  
  139  8:07  Unknown  
  139  8:10  Baneling  
  139  8:13  Overlord  
  139  8:17  Zergling x2, Unknown  
  139  8:20  Baneling  
  139  8:22  Roach  
  139  8:23  Hydralisk  
  142  8:27  Ravager  
  142  8:29  Drone  
  142  8:33  Drone  
  145  8:35  Hydralisk  
  145  8:38  Baneling  
  145  8:41  Zergling x2  
  147  8:45  Hydralisk  
  148  8:49  Roach  
  148  8:52  Overlord  
  148  8:55  Drone  
  151  8:57  Greater Spire, Hydralisk  
  152  9:04  Mutalisk  
  152  9:07  Mutalisk  
  152  9:08  Spine Crawler  
  155  9:10  Drone  
  155  9:13  Mutalisk  
  153  9:17  Drone  
  153  9:20  Mutalisk  
  153  9:23  Overlord, Spine Crawler  
  151  9:27  Zergling x2  
  151  9:30  Zergling x2  
  151  9:33  Drone  
  151  9:35  Spine Crawler  
  150  9:39  Hydralisk  
  150  9:42  Hydralisk  
  150  9:45  Drone  
  148  9:46  Hydralisk  
  148  9:47  Spine Crawler  
  148  9:49  Mutalisk  
  131  9:54  Zergling x2, Unknown  
  131  9:56  Mutalisk  
  114  10:01  Drone  
  114  10:03  Corruptor  
  114  10:06  Corruptor  
  104  10:09  Overlord  
  104  10:13  Zergling x2  
  107  10:15  Zergling x2  
  107  10:17  Drone  
  107  10:20  Roach  
  107  10:23  Roach  
  107  10:25  Roach  
  107  10:27  Hydralisk  
  111  10:33  Roach  
  106  10:36  Hydralisk  
  106  10:40  Roach  
  106  10:42  Hydralisk  
  108  10:45  Mutalisk  
  108  10:47  Mutalisk  
  110  10:52  Roach  
  110  10:53  Corruptor  
  110  10:56  Corruptor  
  114  10:59  Corruptor  
  112  11:06  Zergling x2  
  112  11:08  Zergling x2  
  110  11:11  Drone  
  110  11:14  Mutalisk  
  110  11:18  Roach  
  112  11:20  Hydralisk  
  103  11:27  Roach  
  104  11:33  Hydralisk  
  104  11:34  Mutalisk  
  104  11:37  Roach  
  104  11:39  Corruptor  
  111  11:41  Corruptor  
  111  11:43  Corruptor  
  111  11:46  Zergling x2  
  116  11:49  Zergling x2  
  116  11:51  Drone  
  116  11:53  Infestor  
  120  11:56  Mutalisk  
  120  11:58  Infestor  
  124  12:02  Roach  
  124  12:04  Roach  
  124  12:05  Hydralisk  
  124  12:07  Hydralisk  
  130  12:10  Mutalisk  
  130  12:12  Roach  
  130  12:15  Corruptor  
  134  12:17  Corruptor  
  134  12:20  Corruptor  
  134  12:21  Zergling x2  
  141  12:25  Drone  
  141  12:27  Zergling x2  
  141  12:29  Hatchery  
  142  12:30  Mutalisk  
  142  12:32  Infestor  
  142  12:35  Roach  
  150  12:37  Roach  
  150  12:39  Hydralisk  
  150  12:41  Hydralisk  
  152  12:44  Mutalisk  
  152  12:47  Roach  
  152  12:49  Corruptor  
  158  12:51  Overlord  
  158  12:54  Corruptor  
  158  12:58  Corruptor  
  160  13:02  Zergling x2  
  160  13:04  Drone  
  164  13:07  Drone  
  164  13:09  Mutalisk  
  164  13:12  Infestor  
  169  13:15  Roach  
  169  13:19  Roach  
  173  13:21  Hydralisk  
  173  13:24  Hydralisk  
  173  13:26  Mutalisk  
  177  13:30  Roach  
  177  13:33  Corruptor  
  181  13:37  Corruptor  
  181  13:38  Spore Crawler  
  181  13:40  Overseer  
  182  13:44  Overseer  
  170  13:55  Spore Crawler  
  170  13:56  Drone  
  170  13:59  Overlord  
  162  14:12  Roach  
  162  14:13  Spore Crawler  
  162  14:14  Mutalisk  
  161  14:18  Roach  
  161  14:20  Hydralisk  
  161  14:22  Spore Crawler  
  161  14:23  Drone  
  160  14:26  Hydralisk  
  160  14:29  Mutalisk  
  155  14:32  Mutalisk, Spine Crawler  
  155  14:34  Corruptor  
  155  14:37  Hatchery  
  155  14:38  Corruptor  
  149  14:40  Corruptor  
  149  14:43  Queen  
  143  14:46  Mutalisk  
  143  14:49  Corruptor  
  143  14:50  Spine Crawler  
  143  14:52  Drone  
  120  14:55  Viper  
  120  14:57  Overlord  
  120  14:58  Spore Crawler  
  98  15:00  Zergling x2  
  98  15:02  Hydralisk  
  98  15:05  Roach  
  98  15:06  Hydralisk  
  96  15:07  Spine Crawler  
  96  15:09  Drone  
  96  15:11  Mutalisk  
  96  15:12  Unknown  
  96  15:13  Corruptor  
  95  15:16  Zergling x2  
  95  15:19  Corruptor  
  100  15:22  Zergling x2, Spine Crawler  
  100  15:24  Queen  
  100  15:27  Roach  
  104  15:31  Roach  
  104  15:33  Roach  
  108  15:36  Roach  
  108  15:37  Spine Crawler  
  108  15:38  Hydralisk  
  108  15:41  Hydralisk  
  111  15:45  Drone  
  111  15:47  Hydralisk  
  113  15:50  Mutalisk  
  113  15:53  Corruptor  
  113  15:56  Infestor  
  117  16:00  Drone  
  117  16:02  Mutalisk  
  112  16:06  Zergling x2, Spine Crawler  
  112  16:08  Corruptor  
  114  16:11  Corruptor  
  114  16:15  Zergling x2  
  114  16:18  Roach  
  117  16:21  Roach  
  117  16:24  Roach  
  117  16:26  Hydralisk  
  117  16:29  Viper  
  120  16:33  Hydralisk  
  120  16:36  Mutalisk  
  119  16:40  Drone  
  119  16:42  Corruptor  
  118  16:47  Drone  
  118  16:49  Infestor  
  118  16:53  Mutalisk  
  115  16:55  Queen  
  115  17:00  Zergling x2  
  114  17:03  Corruptor  
  114  17:08  Corruptor  
  118  17:16  Zergling x2  
  118  17:19  Roach  
  118  17:22  Overseer  
  121  17:26  Roach  
  121  17:29  Roach  
  125  17:31  Hydralisk  
  125  17:34  Hydralisk  
  127  17:37  Viper  
  127  17:40  Hydralisk  
  127  17:43  Mutalisk, Lurker Den  
  132  17:46  Mutalisk  
  132  17:48  Corruptor  
  136  17:51  Drone  
  136  17:53  Infestor  
  136  17:56  Zergling x2  
  140  17:58  Corruptor  
  140  18:02  Zergling x2  
  140  18:05  Roach  
  145  18:08  Roach  
  145  18:10  Roach  
  145  18:12  Drone  
  150  18:14  Hydralisk  
  150  18:16  Hydralisk  
  150  18:19  Zergling x2  
  153  18:22  Zergling x2  
  153  18:25  Roach  
  156  18:27  Roach  
  156  18:30  Drone  
  156  18:33  Roach  
  161  18:35  Hydralisk  
  161  18:38  Zergling x2  
  161  18:40  Hydralisk  
  164  18:44  Overlord  
  164  18:46  Overseer  
  164  18:49  Roach  
  164  18:52  Drone  
  167  18:59  Drone  
  167  19:00  Hatchery  
  167  19:01  Overseer  
  167  19:05  Drone  
  167  19:07  Overlord  
  168  19:10  Drone  
  168  19:13  Drone  
  168  19:16  Spore Crawler, Drone  
  170  19:20  Drone  
  170  19:23  Overseer  
  171  19:25  Drone  
  171  19:29  Spore Crawler, Hydralisk  
  172  19:32  Drone  
  172  19:34  Hydralisk  
  172  19:37  Drone  
  173  19:39  Hydralisk  
  173  19:40  Spore Crawler  
  173  19:42  Hydralisk  
  173  19:45  Zergling x2  
  173  19:47  Overlord  
  173  19:49  Spore Crawler, Drone  
  173  19:51  Hydralisk  
  168  19:54  Drone  
  168  19:57  Zergling x2  
  168  19:59  Drone  
  166  20:02  Zergling x2  
  166  20:03  Drone  
  166  20:04  Spine Crawler  
  166  20:05  Zergling x2  
  155  20:07  Drone  
  155  20:08  Unknown  
  155  20:09  Zergling x2  
  155  20:12  Zergling x2  
  157  20:15  Drone  
  157  20:17  Roach  
  157  20:20  Roach  
  161  20:21  Spine Crawler  
  161  20:22  Drone  
  161  20:25  Drone  
  161  20:27  Zergling x2  
  141  20:30  Drone  
  141  20:33  Zergling x2, Spore Crawler  
  141  20:35  Drone  
  111  20:38  Drone  
  111  20:41  Zergling x2  
  93  20:44  Roach  
  93  20:46  Roach  
  93  20:48  Drone  
  87  20:50  Zergling x2  
  87  20:51  Spore Crawler  
  87  20:53  Roach  
  87  20:55  Roach  
  91  20:57  Roach  
  91  20:58  Queen  
  91  21:00  Drone  
  91  21:02  Drone  
  91  21:03  Unknown  
  96  21:04  Roach  
  96  21:07  Roach  
  96  21:09  Roach  
  102  21:12  Zergling x2  
  102  21:14  Drone  
  102  21:17  Roach  
  103  21:19  Roach  
  103  21:21  Roach  
  103  21:22  Hatchery  
  103  21:23  Zergling x2  
  107  21:26  Drone  
  107  21:28  Roach  
  107  21:31  Roach  
  112  21:34  Drone  
  112  21:37  Roach  
  112  21:38  Spine Crawler  
  114  21:40  Zergling x2  
  114  21:43  Roach  
  114  21:45  Overseer  
  117  21:48  Spine Crawler, Drone  
  117  21:51  Roach  
  119  21:54  Drone  
  119  21:57  Roach  
  119  22:00  Corruptor  
  124  22:04  Spine Crawler, Roach  
  124  22:06  Hydralisk  
  126  22:09  Drone  
  126  22:11  Hydralisk  
  126  22:14  Hydralisk  
  129  22:18  Drone  
  129  22:20  Corruptor  
  129  22:21  Spine Crawler  
  129  22:22  Hydralisk  
  131  22:25  Hydralisk  
  131  22:27  Overlord  
  131  22:29  Drone  
  134  22:31  Hydralisk  
  134  22:34  Hydralisk  
  134  22:36  Hydralisk  
  136  22:39  Drone  
  136  22:41  Hydralisk  
  139  22:45  Hydralisk  
  139  22:47  Spine Crawler  
  139  22:48  Hydralisk  
  140  22:51  Unknown, Queen  
  140  22:54  Drone  
  140  22:57  Hydralisk  
  143  23:01  Drone  
  143  23:03  Hydralisk  
  145  23:06  Overlord  
  145  23:08  Hydralisk  
  145  23:11  Mutalisk  
  148  23:14  Hydralisk  
  148  23:17  Drone  
  148  23:19  Mutalisk  
  152  23:22  Drone  
  152  23:24  Drone  
  152  23:26  Mutalisk, Spore Crawler  
  153  23:30  Drone  
  153  23:32  Overlord  
  156  23:36  Drone  
  156  23:38  Mutalisk  
  159  23:42  Drone  
  159  23:44  Overseer  
  160  23:48  Drone  
  160  23:51  Mutalisk  
  160  23:54  Drone  
  164  23:56  Overlord  
  164  23:58  Spore Crawler  
  164  24:00  Overseer  
  163  24:02  Overseer  
  163  24:05  Drone  
  163  24:08  Drone  
  165  24:15  Spore Crawler  
  162  24:26  Drone  
  162  24:27  Spine Crawler  
  152  24:31  Mutalisk  
  152  24:35  Drone  
  152  24:38  Overlord  
  155  24:39  Spore Crawler  
  155  24:41  Mutalisk  
  155  24:44  Mutalisk  
  156  24:47  Drone  
  156  24:50  Corruptor  
  159  24:53  Corruptor  
  159  24:56  Drone  
  159  24:59  Corruptor  
  162  25:02  Mutalisk  
  162  25:06  Mutalisk  
  160  25:08  Overlord  
  160  25:11  Drone  
  154  25:14  Corruptor  
  154  25:18  Drone  
  157  25:21  Hydralisk  
  157  25:26  Drone  
  155  25:28  Hydralisk  
  155  25:31  Hydralisk  
  155  25:32  Queen  
  155  25:35  Mutalisk  
  155  25:37  Hydralisk  
  155  25:40  Drone  
  155  25:42  Mutalisk  
  158  25:44  Mutalisk  
  158  25:46  Hydralisk  
  158  25:47  Spore Crawler  
  158  25:48  Drone  
  157  25:51  Drone  
  157  25:53  Mutalisk  
  157  25:56  Drone  
  153  25:58  Hydralisk  
  153  26:01  Drone  
  153  26:03  Hydralisk  
  147  26:05  Hydralisk  
  147  26:08  Drone  
  147  26:11  Hydralisk  
  142  26:13  Corruptor  
  142  26:17  Zergling x2  
  141  26:20  Drone  
  141  26:23  Zergling x2  
  141  26:25  Corruptor  
  137  26:28  Zergling x2  
  137  26:30  Drone  
  137  26:32  Hydralisk  
  141  26:34  Hydralisk  
  141  26:37  Hydralisk  
  141  26:39  Zergling x2  
  145  26:43  Drone  
  145  26:45  Mutalisk  
  142  26:48  Hydralisk  
  142  26:51  Hydralisk  
  143  26:54  Hydralisk  
  143  26:57  Zergling x2  
  143  27:00  Drone  
  144  27:03  Roach  
  144  27:06  Roach  
  144  27:08  Hydralisk  
  148  27:11  Hydralisk  
  148  27:13  Overlord  
  148  27:15  Hydralisk  
  148  27:17  Hydralisk  
  148  27:22  Mutalisk  
  149  27:25  Drone  
  149  27:29  Mutalisk  
  147  27:32  Hydralisk  
  147  27:36  Hydralisk  
  145  27:39  Hydralisk  
  145  27:41  Mutalisk  
  144  27:45  Drone  
  144  27:47  Corruptor  
  144  27:50  Zergling x2  
  142  27:51  Overlord  
  142  27:54  Roach  
  142  27:56  Overseer  
  140  27:59  Roach  
  140  28:01  Roach  
  140  28:02  Hydralisk  
  140  28:04  Hatchery  
  140  28:05  Drone  
  140  28:07  Roach  
  140  28:11  Roach  
  135  28:13  Drone  
  135  28:17  Roach  
  135  28:18  Hydralisk  
  126  28:20  Spine Crawler, Hydralisk  
  126  28:22  Overlord  
  126  28:25  Roach  
  126  28:26  Drone  
  109  28:28  Roach  
  109  28:30  Zergling x2  
  109  28:32  Roach  
  109  28:34  Drone  
  109  28:36  Roach  
  109  28:37  Hydralisk  
  109  28:39  Roach  
  109  28:40  Hydralisk  
  113  28:42  Zergling x2  
  113  28:44  Roach  
  113  28:46  Drone  
  117  28:48  Roach  
  117  28:49  Hydralisk  
  117  28:52  Roach  
  117  28:53  Hydralisk  
  117  28:54  Spine Crawler  
  117  28:55  Hydralisk  
  116  28:57  Roach  
  116  28:59  Drone  
  116  29:01  Roach  
  116  29:02  Hydralisk  
  113  29:04  Roach  
  113  29:05  Overlord, Spine Crawler  
  113  29:07  Drone  
  113  29:08  Hydralisk  
  110  29:10  Drone  
  110  29:11  Roach  
  110  29:12  Zergling x2  
  110  29:14  Roach  
  110  29:15  Hydralisk  
  110  29:16  Unknown  
  106  29:17  Roach  
  106  29:18  Hydralisk  
  106  29:20  Drone  
  106  29:22  Mutalisk  
  106  29:23  Hydralisk  
  106  29:26  Drone  
  106  29:27  Roach  
  106  29:28  Spine Crawler, Hydralisk  
  106  29:30  Roach  
  109  29:32  Drone  
  109  29:34  Zergling x2  
  109  29:35  Drone  
  109  29:37  Roach  
  110  29:39  Hydralisk  
  110  29:40  Hydralisk  
  110  29:42  Mutalisk  
  110  29:45  Roach  
  113  29:46  Hydralisk  
  113  29:48  Roach  
  113  29:50  Drone  
  113  29:52  Roach  
  114  29:54  Hydralisk  
  114  29:56  Hydralisk  
  114  29:58  Roach  
  114  29:59  Drone  
  107  30:01  Roach  
  107  30:03  Roach  
  107  30:04  Zergling x2  
  107  30:06  Roach  
  107  30:07  Drone  
  107  30:09  Roach  
  107  30:11  Roach  
  107  30:13  Roach  
  112  30:15  Drone  
  112  30:16  Spore Crawler, Hydralisk  
  112  30:18  Drone  
  112  30:21  Roach  
  116  30:23  Roach  
  116  30:25  Roach  
  116  30:26  Spine Crawler, Drone  
  116  30:27  Hydralisk  
  121  30:30  Roach  
  121  30:31  Roach  
  121  30:32  Hydralisk  
  121  30:35  Roach  
  127  30:36  Drone  
  127  30:37  Hydralisk  
  127  30:38  Spore Crawler  
  127  30:39  Zergling x2  
  127  30:41  Roach  
  127  30:42  Hydralisk  
  132  30:43  Drone  
  132  30:45  Queen  
  132  30:46  Overlord  
  132  30:47  Hydralisk  
  132  30:49  Drone  
  137  30:50  Hydralisk  
  137  30:51  Hydralisk  
  137  30:53  Drone  
  140  30:57  Drone  
  140  30:58  Hydralisk  
  140  31:00  Drone  
  140  31:01  Hydralisk  
  144  31:04  Drone  
  144  31:05  Hydralisk  
  144  31:07  Hydralisk  
  144  31:09  Overlord  
  148  31:11  Drone  
  148  31:12  Hatchery, Hydralisk  
  148  31:14  Drone  
  148  31:15  Mutalisk  
  148  31:17  Drone  
  152  31:19  Drone  
  152  31:23  Drone  
  152  31:25  Mutalisk  
  156  31:27  Drone  
  156  31:28  Mutalisk  
  156  31:30  Overlord  
  156  31:32  Drone  
  160  31:35  Drone  
  160  31:37  Overseer  
  160  31:39  Overseer  
  161  31:51  Overlord  
  161  31:53  Drone  
  161  31:56  Spore Crawler  
  161  32:00  Drone  
  134  32:02  Zergling x2  
  134  32:04  Roach  
  134  32:06  Zergling x2  
  111  32:08  Roach  
  111  32:10  Roach  
  111  32:12  Roach  
  111  32:14  Drone  
  96  32:15  Drone  
  96  32:17  Drone  
  96  32:19  Drone  
  96  32:20  Drone  
  96  32:21  Drone  
  91  32:23  Spore Crawler, Roach  
  91  32:25  Drone  
  91  32:26  Drone  
  91  32:28  Drone  
  82  32:30  Drone  
  82  32:31  Hydralisk  
  82  32:34  Overseer  
  82  32:36  Drone  
  80  32:37  Drone  
  80  32:38  Drone  
  80  32:40  Drone  
  80  32:41  Drone  
  80  32:42  Drone  
  80  32:44  Drone  
  84  32:45  Drone  
  84  32:48  Hydralisk  
  84  32:49  Hydralisk  
  84  32:51  Hydralisk  
  81  32:53  Drone  
  81  32:54  Drone  
  81  32:55  Drone  
  81  32:58  Drone  
  84  32:59  Drone  
  84  33:01  Drone  
  84  33:02  Drone  
  84  33:05  Drone  
  88  33:07  Roach  
  88  33:08  Drone  
  88  33:10  Roach  
  88  33:11  Drone  
  96  33:13  Roach  
  96  33:14  Drone  
  96  33:16  Roach  
  96  33:17  Drone  
  96  33:19  Roach  
  102  33:21  Drone  
  102  33:22  Roach  
  102  33:24  Drone  
  102  33:25  Zergling x2  
  95  33:27  Drone  
  95  33:29  Zergling x2  
  95  33:31  Drone  
  95  33:32  Roach  
  99  33:34  Roach  
  99  33:35  Drone  
  99  33:37  Hydralisk  
  99  33:38  Drone  
  99  33:40  Roach  
  105  33:41  Drone  
  105  33:43  Drone  
  105  33:46  Roach  
  107  33:49  Roach  
  107  33:50  Roach  
  107  33:52  Ultralisk Cavern, Roach  
  107  33:53  Roach  
  107  33:55  Roach  
  116  33:56  Drone  
  116  33:58  Roach  
  116  33:59  Roach  
  116  34:00  Overlord  
  116  34:01  Drone  
  120  34:03  Drone  
  120  34:04  Roach  
  120  34:05  Roach  
  120  34:06  Drone  
  120  34:07  Roach  
  120  34:08  Hydralisk  
  120  34:09  Hydralisk  
  127  34:10  Hydralisk  
  127  34:12  Hydralisk, Drone  
  127  34:14  Drone  
  127  34:15  Hydralisk  
  129  34:18  Drone  
  129  34:19  Overlord  
  129  34:20  Hatchery, Drone  
  129  34:23  Drone  
  117  34:25  Zergling x2  
  117  34:27  Drone  
  117  34:29  Zergling x2  
  117  34:30  Drone  
  95  34:31  Roach  
  95  34:33  Drone  
  95  34:34  Drone  
  95  34:35  Unknown, Roach  
  95  34:36  Drone  
  95  34:37  Drone  
  96  34:39  Drone  
  96  34:40  Drone  
  96  34:41  Drone  
  96  34:43  Ultralisk  
  96  34:44  Drone  
  96  34:45  Ultralisk  
  110  34:46  Drone  
  110  34:47  Roach  
  110  34:48  Drone  
  110  34:49  Roach  
  110  34:50  Spine Crawler, Drone  
  110  34:51  Roach  
  119  34:52  Roach  
  119  34:53  Drone  
  119  34:55  Roach  
  119  34:56  Roach  
  119  34:57  Drone  
  119  34:58  Roach  
  119  34:59  Roach  
  124  35:00  Drone  
  124  35:05  Hydralisk  
  124  35:06  Drone  
  112  35:07  Roach  
  112  35:08  Drone  
  112  35:10  Baneling  
  112  35:11  Drone  
  112  35:12  Zergling x2  
  112  35:13  Spine Crawler  
  112  35:14  Drone  
  115  35:15  Baneling  
  115  35:16  Drone  
  115  35:17  Overseer  
  115  35:19  Baneling  
  115  35:20  Drone  
  108  35:21  Drone  
  108  35:23  Zergling x2  
  108  35:24  Drone  
  108  35:25  Drone  
  108  35:26  Roach  
  108  35:28  Roach  
  97  35:29  Drone  
  97  35:30  Ultralisk  
  97  35:31  Drone  
  97  35:33  Drone  
  97  35:34  Drone  
  86  35:36  Drone  
  86  35:37  Drone  
  86  35:38  Roach, Drone  
  86  35:39  Drone  
  86  35:40  Roach  
  86  35:41  Roach  
  86  35:42  Drone  
  83  35:43  Zergling x2  
  83  35:44  Hatchery, Roach  
  83  35:47  Overlord  
  83  35:49  Roach  
  73  35:50  Roach  
  73  35:51  Zergling x2, Roach  
  73  35:53  Roach  
  73  35:54  Roach x2  
  73  35:55  Roach  
  80  36:01  Roach  
  80  36:03  Drone  
  80  36:04  Drone x2  
  76  36:05  Drone  
  76  36:06  Spine Crawler, Drone  
  76  36:07  Overlord  
  76  36:08  Roach x2  
  76  36:09  Drone  
  76  36:14  Drone  
  63  36:22  Overlord  
  63  36:23  Spine Crawler  
  63  36:25  Overseer  
  52  36:28  Overseer  
  46  36:40  Zergling x2, Overlord  
  46  36:41  Zergling x2  
  46  36:42  Roach  
  46  36:43  Roach x2, Hydralisk Den  
  46  36:45  Drone  
  46  36:46  Drone  
  47  36:55  Overlord  
  47  36:57  Lair  
  42  37:03  Overlord  
  40  37:15  Overlord  
  36  37:31  Hatchery  
  31  37:37  Overlord  
  31  37:39  Hatchery  
  24  37:53  Evolution Chamber  
  24  37:56  Overlord, Drone  
  24  38:13  Hatchery  
  15  38:28  Hatchery  
  14  38:43  Overlord  
  11  39:01  Overlord, Drone  
  12  39:03  Drone  
  12  39:04  Drone  
  14  39:15  Drone  
  15  39:18  Hatchery  
  15  39:23  Drone  
  15  39:25  Drone x2  
  15  39:30  Hatchery  
  16  39:34  Drone  
  16  39:35  Drone  
  16  39:36  Drone  
  19  39:43  Evolution Chamber  
  19  39:45  Drone  
  19  39:46  Overlord  
  19  39:47  Drone  
  20  39:54  Spawning Pool  
  20  39:55  Drone  
  20  39:57  Drone  
  20  39:58  Drone  
  22  40:06  Drone  
  23  40:07  Evolution Chamber  
Show
View Real Time Build Order
Export as new Build Order

Player 5 Protoss 

Build Orders: 1 Gate Expand, Double Forge, Zealot Archon 

Get SALT Encoding   

  12  0:01  Probe  
  13  0:13  Probe  
  14  0:17  Pylon  
  14  0:25  Probe  
  15  0:33  Probe  
  15  0:36  Unknown  
  15  0:41  Probe  
  16  0:44  Gateway  
  16  0:47  Pylon  
  17  0:52  Probe  
  18  1:00  Probe  
  19  1:08  Probe  
  19  1:18  Probe  
  20  1:22  Nexus  
  21  1:30  Probe  
  21  1:31  Zealot  
  24  1:36  Cybernetics Core  
  24  1:42  Probe  
  25  1:54  Probe  
  25  1:55  Pylon  
  26  2:03  Probe  
  26  2:05  Gateway  
  27  2:11  Probe  
  27  2:13  Zealot  
  30  2:21  Probe  
  30  2:24  Pylon  
  30  2:29  Probe  
  31  2:35  Probe  
  33  2:37  Probe  
  33  2:40  Sentry  
  36  2:47  Probe, Pylon  
  36  2:50  Probe, Robotics Facility  
  38  2:52  Sentry  
  40  2:59  Probe  
  40  3:02  Probe, Gateway  
  42  3:06  Adept  
  42  3:07  Probe  
  45  3:14  Probe, Adept  
  45  3:16  Probe  
  48  3:22  Pylon  
  48  3:26  Probe x2  
  51  3:36  Stalker  
  51  3:37  Adept  
  51  3:38  Probe x2  
  51  3:39  Twilight Council  
  57  3:48  Pylon  
  57  3:50  Probe, Adept  
  57  3:51  Probe  
  61  3:57  Gateway  
  61  4:00  Unknown  
  61  4:03  Probe  
  61  4:04  Probe  
  61  4:06  Stalker  
  61  4:07  Stalker  
  67  4:11  Probe, Pylon  
  67  4:16  Probe  
  69  4:20  Adept  
  71  4:26  Pylon  
  71  4:29  Adept  
  71  4:31  Probe  
  71  4:32  Forge  
  71  4:36  Stalker, Forge  
  76  4:44  Probe  
  77  4:45  Stalker  
  77  4:50  Stalker  
  81  4:57  Stalker  
  83  5:06  Pylon, Adept x2  
  85  5:13  Templar Archives  
  85  5:20  Zealot  
  89  5:22  Photon Cannon  
  89  5:27  Zealot  
  91  5:28  Adept  
  91  5:31  Photon Cannon  
  91  5:36  Adept  
  91  5:40  Pylon  
  95  5:47  Zealot  
  96  5:54  Stalker  
  96  5:55  Zealot  
  98  6:00  Observer  
  101  6:06  Zealot  
  101  6:07  Stalker  
  101  6:10  Pylon  
  105  6:20  Pylon  
  105  6:22  Adept  
  105  6:25  High Templar  
  109  6:30  Zealot  
  109  6:31  Gateway  
  109  6:33  Immortal, High Templar  
  109  6:39  Photon Cannon  
  116  6:49  Pylon  
  116  6:51  Stalker  
  116  6:52  Stalker  
  116  6:53  Nexus  
  120  7:04  Zealot  
  120  7:08  Photon Cannon  
  122  7:12  Immortal, Stalker, Zealot  
  127  7:19  Zealot  
  127  7:22  Zealot  
  133  7:29  Zealot  
  133  7:31  Pylon  
  133  7:35  Archon  
  135  7:38  Stalker  
  135  7:41  High Templar  
  135  7:43  Pylon  
  139  7:46  Stalker  
  139  7:48  Zealot  
  139  7:50  High Templar  
  143  7:52  Immortal  
  149  7:59  Zealot, Gateway  
  149  8:09  Probe  
  149  8:10  Photon Cannon  
  149  8:11  Probe  
  147  8:15  Zealot  
  147  8:17  Probe  
  147  8:18  Stalker, Pylon, Zealot  
  152  8:21  Stalker  
  152  8:25  Probe  
  147  8:27  Unknown  
  147  8:29  Stalker  
  147  8:31  Immortal  
  151  8:40  Probe, Sentry  
  148  8:43  Zealot  
  148  8:47  Probe  
  149  8:50  Stalker  
  149  8:53  Zealot  
  147  8:56  Probe  
  147  8:59  Stalker  
  147  9:02  Zealot  
  146  9:04  Zealot  
  146  9:05  Probe  
  146  9:06  Sentry  
  143  9:11  Probe  
  138  9:18  Probe, Pylon  
  138  9:20  Stalker, Zealot  
  138  9:23  Stalker  
  135  9:24  Warp Prism  
  135  9:25  Unknown  
  135  9:28  Probe  
  135  9:30  Stalker  
  134  9:35  Zealot  
  138  9:40  Stalker  
  134  9:47  Zealot  
  134  9:49  Nexus  
  134  9:50  Stalker  
  134  9:52  Probe  
  138  9:54  Zealot  
  138  9:55  Unknown  
  138  9:56  Stalker  
  139  10:01  Probe  
  139  10:03  Zealot  
  139  10:05  Probe  
  139  10:10  Stalker  
  139  10:12  Photon Cannon  
  140  10:14  Probe, Zealot  
  140  10:17  Probe  
  140  10:20  Stalker  
  144  10:22  Zealot  
  144  10:23  Pylon  
  144  10:24  Zealot  
  144  10:25  Zealot  
  148  10:30  Probe  
  148  10:36  Probe  
  148  10:39  Zealot x2  
  147  10:48  Robotics Bay  
  147  10:49  Stalker  
  145  10:52  Adept x2  
  145  10:56  Zealot  
  147  10:58  High Templar  
  147  11:08  Probe  
  147  11:11  Probe x2  
  148  11:15  Pylon  
  148  11:19  Probe  
  148  11:22  Zealot  
  148  11:23  Zealot  
  148  11:24  Zealot  
  149  11:27  Probe  
  149  11:32  Unknown, Zealot  
  152  11:35  Probe  
  149  11:41  Probe  
  149  11:44  Pylon, Zealot  
  149  11:47  Zealot  
  138  11:49  Zealot  
  138  11:51  Zealot x2  
  138  11:52  Zealot  
  138  11:54  Stargate  
  132  12:09  Probe  
  132  12:11  Immortal, Stalker  
  132  12:13  Probe, Photon Cannon  
  129  12:16  Zealot  
  129  12:19  Zealot  
  129  12:22  Probe  
  132  12:25  Probe  
  132  12:29  High Templar  
  125  12:32  Zealot, Photon Cannon  
  125  12:35  Zealot  
  125  12:41  Zealot  
  125  12:43  Zealot  
  125  12:45  High Templar  
  125  12:50  High Templar  
  121  12:51  Photon Cannon  
  121  13:03  Stalker  
  123  13:09  Immortal  
  123  13:10  Stalker x2  
  123  13:12  Zealot  
  129  13:15  Stalker  
  127  13:21  Forge  
  125  13:29  Stalker  
  125  13:33  Zealot  
  125  13:37  Pylon  
  125  13:39  Immortal, Stalker  
  125  13:41  Adept  
  128  13:51  Probe, Zealot  
  123  13:57  Stalker x2  
  123  13:59  Zealot  
  123  14:02  High Templar  
  119  14:10  Zealot  
  119  14:12  Stalker  
  119  14:14  Archon  
  121  14:17  Photon Cannon  
  121  14:24  Stalker  
  121  14:25  Immortal  
  121  14:27  Zealot  
  121  14:30  Zealot  
  125  14:37  Stalker  
  125  14:40  Stalker  
  125  14:42  Stalker  
  127  14:50  Probe  
  125  14:53  Stalker  
  125  14:54  Photon Cannon  
  125  14:57  Probe  
  121  15:00  Unknown  
  121  15:04  Adept  
  121  15:06  Probe  
  118  15:12  Immortal  
  117  15:15  Zealot  
  117  15:16  Unknown  
  117  15:20  Stalker, Sentry  
  113  15:23  Zealot  
  113  15:24  Unknown  
  113  15:25  Void Ray  
  113  15:27  Probe  
  111  15:38  Sentry  
  111  15:40  Probe  
  113  15:42  Zealot  
  113  15:44  Zealot, Photon Cannon  
  113  15:48  Zealot  
  114  15:51  Zealot  
  114  15:52  Probe  
  114  15:53  Zealot, Photon Cannon  
  118  16:00  Zealot  
  118  16:03  Probe  
  118  16:05  Photon Cannon  
  118  16:06  Probe  
  118  16:09  Void Ray  
  118  16:10  Zealot  
  127  16:12  Zealot  
  127  16:17  Adept  
  129  16:19  Probe  
  129  16:22  Zealot  
  129  16:23  Probe  
  129  16:25  Unknown, Zealot  
  131  16:29  Zealot  
  133  16:37  Unknown, Zealot, Colossus  
  141  16:40  Zealot  
  141  16:42  Zealot  
  129  16:47  Zealot  
  129  16:52  Adept  
  122  16:57  Sentry  
  122  16:58  Probe  
  123  17:03  Zealot  
  123  17:04  Sentry  
  119  17:13  Probe, Stalker  
  111  17:19  Stalker  
  111  17:21  Probe  
  112  17:23  Stalker  
  112  17:26  Adept  
  112  17:29  Probe  
  116  17:30  Stalker x2  
  116  17:32  Colossus  
  126  17:45  Pylon  
  126  17:46  High Templar x2  
  128  17:56  Nexus  
  130  18:00  High Templar  
  130  18:01  Stalker  
  134  18:06  Stalker, Pylon  
  134  18:08  Stalker  
  138  18:16  Void Ray  
  138  18:17  Pylon  
  138  18:25  Zealot x2  
  144  18:29  Zealot  
  148  18:36  Zealot  
  148  18:39  Zealot  
  152  18:41  Unknown, Zealot  
  152  18:45  Colossus  
  154  18:52  Stalker, Zealot x2  
  154  18:53  Photon Cannon  
  142  19:06  Sentry  
  142  19:07  Probe, Photon Cannon  
  132  19:12  Probe  
  132  19:14  Probe  
  132  19:15  Stalker  
  135  19:21  Probe  
  132  19:26  Zealot  
  132  19:27  Probe  
  132  19:29  Stalker  
  137  19:32  Adept  
  137  19:34  Stalker, Photon Cannon  
  137  19:36  Zealot  
  108  19:45  Stalker  
  108  19:46  Probe  
  108  19:47  Stalker  
  108  19:48  Probe  
  104  19:53  Warp Prism  
  104  19:54  Photon Cannon  
  104  19:58  Probe  
  104  19:59  Stalker  
  109  20:00  Probe  
  109  20:03  Sentry  
  109  20:04  Stalker x2  
  115  20:12  Stalker  
  108  20:15  Stalker  
  108  20:21  Probe  
  94  20:29  Immortal, Stalker, Adept  
  94  20:34  Zealot  
  91  20:36  Probe  
  96  20:53  Zealot  
  96  21:01  Zealot  
  96  21:03  Probe  
  100  21:08  Probe  
  100  21:10  Warp Prism, Stalker  
  106  21:13  Stalker  
  106  21:16  Zealot  
  64  22:25  Zealot  
  64  22:28  Nexus  
  48  22:34  Nexus  
  43  22:46  Nexus  
  18  23:39  Probe  
  18  23:46  Probe, Pylon  
  20  23:55  Probe  
  20  24:00  Probe  
  19  24:07  Probe  
  19  24:08  Pylon  
  15  24:19  Probe  
  10  24:31  Probe  
  11  24:41  Probe  
Show
View Real Time Build Order
Export as new Build Order

Player 6 Protoss 

Build Orders: 1 Gate Expand, Double Forge, Archon Immortal 

Get SALT Encoding   

  12  0:01  Probe  
  13  0:13  Probe  
  14  0:17  Pylon  
  14  0:25  Probe  
  15  0:33  Probe  
  15  0:40  Unknown  
  15  0:41  Probe  
  16  0:46  Gateway  
  17  0:52  Probe  
  17  0:54  Pylon  
  18  1:00  Probe  
  19  1:08  Probe  
  19  1:18  Probe  
  20  1:25  Nexus  
  21  1:30  Probe  
  22  1:35  Cybernetics Core  
  22  1:36  Zealot  
  24  1:42  Probe  
  25  1:51  Gateway  
  25  1:56  Pylon  
  25  1:57  Probe  
  26  2:03  Zealot  
  26  2:06  Probe  
  28  2:14  Probe  
  30  2:22  Adept  
  30  2:25  Probe  
  30  2:28  Pylon  
  31  2:36  Probe  
  34  2:37  Probe  
  34  2:38  Adept  
  37  2:48  Probe  
  37  2:49  Probe  
  37  2:51  Sentry  
  39  2:58  Pylon  
  41  3:01  Probe, Robotics Facility  
  41  3:02  Probe  
  43  3:08  Adept  
  43  3:10  Probe  
  45  3:14  Probe  
  45  3:17  Adept  
  45  3:18  Probe  
  49  3:26  Probe  
  51  3:30  Probe  
  51  3:31  Gateway  
  52  3:35  Probe  
  52  3:38  Adept  
  55  3:42  Probe  
  55  3:43  Probe, Pylon  
  55  3:47  Stalker  
  59  3:51  Robotics Facility  
  59  3:52  Probe  
  59  3:54  Probe  
  59  3:55  Immortal  
  65  4:02  Sentry  
  65  4:04  Probe  
  65  4:06  Probe  
  69  4:12  Pylon  
  69  4:16  Probe  
  69  4:17  Stalker x2  
  70  4:22  Pylon  
  74  4:25  Unknown, Stalker  
  76  4:31  Probe  
  76  4:32  Probe, Gateway  
  76  4:34  Immortal  
  82  4:38  Stalker  
  82  4:39  Forge  
  82  4:45  Warp Gate  
  82  4:47  Stalker  
  86  4:53  Immortal  
  86  4:55  Pylon  
  86  4:57  Forge  
  90  5:03  Immortal  
  90  5:09  Stalker  
  90  5:14  Stalker  
  98  5:17  Photon Cannon  
  98  5:28  Zealot  
  98  5:29  Pylon  
  98  5:32  Zealot  
  102  5:38  Twilight Council  
  102  5:43  Unknown  
  102  5:45  Immortal  
  106  5:52  Unknown  
  106  6:02  Pylon  
  106  6:16  Photon Cannon  
  106  6:19  Templar Archives  
  106  6:21  Zealot  
  106  6:22  Observer  
  106  6:24  Zealot x2  
  113  6:31  Pylon  
  113  6:50  Pylon  
  113  6:51  Zealot  
  115  6:57  Zealot  
  115  7:01  High Templar  
  119  7:04  High Templar  
  121  7:12  Zealot  
  121  7:14  Photon Cannon  
  123  7:18  Stalker  
  125  7:29  Archon  
  125  7:32  Pylon, High Templar  
  125  7:34  Zealot  
  125  7:36  Zealot  
  131  7:38  Stalker  
  133  7:52  Zealot  
  133  7:54  Zealot  
  137  8:04  High Templar  
  139  8:05  Zealot  
  139  8:09  Pylon  
  141  8:15  Photon Cannon  
  141  8:18  Nexus  
  141  8:27  Pylon  
  141  8:29  Zealot  
  141  8:31  Zealot  
  141  8:33  Zealot  
  147  8:35  Zealot  
  147  8:39  Archon  
  149  8:50  Stalker  
  149  8:53  Stalker  
  153  8:58  High Templar  
  153  9:00  Zealot  
  157  9:05  Pylon  
  157  9:23  Stalker  
  159  9:24  Photon Cannon, High Templar  
  159  9:28  Observer  
  159  9:29  Observer  
  163  9:34  Photon Cannon  
  163  9:35  Probe  
  163  9:37  Stalker  
  166  9:40  Probe  
  166  9:41  Stalker, Photon Cannon  
  169  9:48  Probe  
  169  9:50  Stalker  
  172  9:53  Probe, Gateway  
  172  9:56  Warp Prism  
  172  9:59  Warp Prism  
  177  10:01  Stalker  
  177  10:03  Stalker  
  181  10:08  Pylon  
  180  10:15  Probe  
  179  10:21  Nexus  
  179  10:26  Probe  
  164  10:29  Probe  
  164  10:31  Zealot  
  164  10:34  Probe  
  144  10:37  Zealot  
  144  10:39  Pylon, Zealot  
  144  10:42  Zealot  
  133  10:47  Stalker  
  135  10:52  Probe  
  135  10:53  Robotics Facility  
  135  10:56  Zealot  
  138  10:59  Stalker  
  138  11:01  Stalker  
  142  11:04  Adept  
  142  11:05  Nexus  
  142  11:06  Immortal  
  142  11:11  Immortal  
  152  11:15  Probe  
  152  11:16  Photon Cannon  
  152  11:17  Zealot  
  155  11:20  Stalker  
  155  11:22  Stalker, Stargate  
  159  11:27  Probe  
  159  11:30  Forge  
  160  11:32  High Templar  
  160  11:35  Zealot  
  160  11:39  Stalker  
  166  11:42  Probe, Pylon  
  166  11:43  Zealot  
  166  11:46  Immortal  
  173  11:48  Probe  
  173  11:50  Probe, Immortal  
  173  11:52  Zealot  
  173  11:54  Gateway  
  177  11:57  Stalker  
  183  12:03  Probe  
  183  12:06  Zealot, Photon Cannon  
  186  12:08  Zealot  
  186  12:11  Probe  
  186  12:14  Unknown, Zealot  
  191  12:18  Immortal  
  191  12:20  Probe  
  196  12:23  Zealot  
  196  12:24  Pylon  
  196  12:26  Immortal, Zealot  
  196  12:29  Probe, Unknown  
  201  12:32  Immortal  
  209  12:39  Probe  
  209  12:43  Probe  
  199  12:47  Zealot  
  199  12:50  Probe  
  196  12:53  Adept  
  196  12:55  Zealot  
  197  12:58  Zealot  
  197  13:01  Probe  
  197  13:04  Stalker  
  198  13:06  Pylon  
  198  13:07  Probe  
  198  13:09  Zealot  
  198  13:12  Stalker  
  199  13:15  Immortal  
  199  13:16  Zealot  
  199  13:17  Unknown  
  199  13:18  Stalker  
  190  13:23  Stalker  
  190  13:26  Phoenix, Photon Cannon  
  178  13:29  Probe  
  178  13:31  Zealot  
  167  13:36  Adept  
  167  13:39  Zealot  
  161  13:42  Probe  
  161  13:44  Sentry  
  161  13:47  Stalker  
  156  13:50  Stalker  
  156  13:53  Stalker  
  155  13:57  Stalker  
  155  13:59  Immortal  
  155  14:01  Stalker  
  145  14:09  Void Ray  
  140  14:11  Immortal  
  140  14:14  Zealot  
  150  14:17  Immortal  
  150  14:20  Probe  
  150  14:23  Photon Cannon  
  150  14:24  Sentry  
  148  14:31  Adept  
  148  14:33  Probe  
  148  14:34  Robotics Bay  
  148  14:35  Zealot  
  148  14:37  Stalker  
  149  14:40  Stalker  
  149  14:43  Zealot  
  153  14:48  Zealot  
  153  14:51  Immortal  
  153  14:52  Void Ray  
  157  14:56  Nexus  
  157  14:58  Sentry  
  151  15:01  Probe  
  151  15:03  Probe  
  151  15:05  Adept  
  155  15:07  Stalker  
  155  15:10  Stalker  
  155  15:12  Zealot  
  155  15:13  Photon Cannon  
  160  15:19  Probe  
  151  15:21  Probe  
  151  15:24  Zealot  
  151  15:26  Probe  
  129  15:29  Stalker  
  129  15:32  Sentry  
  129  15:35  Probe  
  122  15:37  Zealot  
  122  15:39  Pylon  
  122  15:40  Probe  
  107  15:44  Probe, Zealot  
  107  15:49  Probe  
  91  15:52  Sentry  
  91  15:53  Probe  
  91  15:55  Adept  
  82  15:57  Sentry  
  82  16:01  Pylon  
  78  16:15  Probe  
  80  16:18  Probe  
  80  16:19  Pylon  
  80  16:23  Zealot  
  80  16:26  Zealot  
  80  16:28  Probe  
  77  16:37  Probe  
  77  16:38  Probe  
  77  16:39  Probe  
  76  16:41  Probe  
  71  16:47  Zealot  
  71  16:54  Probe  
  71  17:06  Probe  
  71  17:08  Probe  
  65  17:13  Probe  
  57  17:18  Probe  
  52  17:24  Probe  
  52  17:26  Probe  
  50  17:32  Probe  
  50  17:34  Probe  
  47  17:55  Probe  
  47  17:58  Probe  
  41  18:09  Nexus  
  25  19:15  Nexus  
Show
View Real Time Build Order
Export as new Build Order

Player 7 Zerg 

Build Orders: Pool First 

Get SALT Encoding   

  12  0:01  Drone  
  13  0:10  Overlord  
  13  0:12  Drone  
  14  0:28  Drone x2  
  16  0:33  Drone  
  16  0:35  Spawning Pool  
  16  0:44  Drone  
  16  0:46  Unknown  
  16  0:55  Hatchery, Drone  
  16  1:06  Drone  
  17  1:16  Drone  
  18  1:23  Queen  
  20  1:27  Drone  
  21  1:38  Zergling x2  
  22  1:49  Overlord  
  22  1:51  Roach Warren  
  21  1:59  Drone  
  22  2:06  Drone  
  22  2:07  Queen  
  25  2:10  Drone  
  26  2:17  Drone  
  26  2:21  Drone  
  28  2:28  Drone  
  30  2:30  Zergling x4  
  30  2:31  Overlord  
  30  2:32  Drone x2  
  30  2:34  Lair  
  30  2:35  Roach  
  35  2:39  Overlord  
  35  2:45  Overlord  
  35  2:50  Roach  
  37  2:56  Roach  
  39  3:00  Roach  
  39  3:02  Zergling x2  
  39  3:03  Zergling x2  
  39  3:04  Zergling x2  
  39  3:05  Drone  
  45  3:06  Drone  
  45  3:07  Drone  
  45  3:11  Drone  
  45  3:12  Drone  
  49  3:22  Overlord  
  49  3:25  Roach  
  51  3:31  Overlord  
  51  3:32  Drone  
  51  3:33  Drone  
  53  3:34  Overlord  
  53  3:36  Drone  
  53  3:37  Hydralisk Den, Drone  
  53  3:38  Roach  
  56  3:44  Roach  
  58  3:55  Overlord  
  58  4:05  Overlord  
  58  4:06  Overlord  
  58  4:08  Drone  
  58  4:09  Drone  
  60  4:10  Drone  
  60  4:12  Drone  
  60  4:14  Drone  
  60  4:15  Drone  
  66  4:17  Roach  
  66  4:18  Roach  
  66  4:20  Roach, Hydralisk  
  66  4:22  Hydralisk  
  66  4:23  Roach  
  74  4:25  Roach, Hydralisk  
  74  4:27  Hydralisk  
  74  4:28  Hydralisk  
  74  4:29  Hydralisk  
  74  4:30  Hydralisk  
  81  4:32  Hydralisk  
  81  4:33  Queen  
  81  4:34  Hydralisk  
  81  4:35  Hydralisk  
  81  4:37  Hydralisk  
  87  4:38  Spore Crawler  
  87  4:39  Drone  
  87  4:43  Spore Crawler  
  87  4:45  Drone  
  87  4:48  Hydralisk  
  87  4:50  Hydralisk  
  87  4:52  Hydralisk  
  89  4:54  Hydralisk  
  89  4:58  Hydralisk  
  92  5:07  Zergling x2, Unknown  
  92  5:09  Zergling x2  
  92  5:12  Zergling x2, Unknown  
  94  5:14  Zergling x2  
  94  5:18  Unknown  
  94  5:19  Roach  
  94  5:21  Overlord  
  95  5:23  Roach, Baneling Nest  
  95  5:26  Drone  
  95  5:28  Roach  
  99  5:31  Roach  
  99  5:33  Drone  
  102  5:36  Roach  
  102  5:39  Hydralisk  
  102  5:42  Hydralisk  
  105  5:45  Hydralisk  
  105  5:48  Drone  
  101  5:51  Roach  
  101  5:54  Overlord, Spine Crawler  
  97  5:58  Roach  
  97  6:01  Zergling x2  
  100  6:05  Overseer  
  100  6:07  Drone  
  100  6:10  Zergling x2  
  100  6:11  Spine Crawler  
  101  6:12  Roach  
  101  6:14  Unknown  
  101  6:15  Roach  
  101  6:17  Drone  
  105  6:19  Hydralisk  
  105  6:24  Roach  
  108  6:25  Hydralisk  
  108  6:29  Zergling x2  
  110  6:33  Baneling  
  110  6:38  Drone  
  102  6:41  Overlord  
  102  6:45  Zergling x2  
  98  6:48  Roach  
  93  7:06  Zergling x2, Spore Crawler  
  88  7:09  Drone  
  88  7:12  Roach  
  88  7:14  Infestation Pit  
  92  7:15  Roach  
  92  7:17  Hydralisk  
  92  7:20  Roach  
  95  7:26  Roach  
  95  7:27  Spore Crawler  
  95  7:29  Zergling x2  
  97  7:32  Drone  
  97  7:34  Hydralisk  
  99  7:37  Hydralisk  
  99  7:42  Drone  
  101  7:45  Evolution Chamber  
  101  7:47  Overlord  
  101  7:50  Roach  
  102  7:51  Spire  
  102  7:53  Roach  
  102  7:55  Roach  
  102  7:58  Hydralisk  
  106  8:01  Lurker Den  
  106  8:03  Hive, Drone  
  106  8:05  Drone  
  107  8:08  Roach  
  107  8:11  Roach  
  111  8:14  Roach  
  111  8:17  Overlord  
  111  8:19  Spine Crawler, Drone  
  113  8:22  Drone  
  113  8:25  Drone  
  115  8:28  Drone  
  115  8:30  Drone  
  115  8:31  Evolution Chamber  
  116  8:35  Unknown  
  116  8:36  Drone  
  116  8:39  Baneling  
  116  8:41  Drone  
  117  8:43  Overlord  
  117  8:46  Zergling x2  
  118  8:53  Evolution Chamber  
  117  8:58  Drone  
  118  9:04  Drone  
  118  9:07  Mutalisk  
  118  9:09  Overlord  
  121  9:12  Hatchery  
  121  9:13  Drone  
  121  9:16  Mutalisk  
  123  9:20  Mutalisk  
  125  9:25  Drone  
  125  9:28  Mutalisk  
  128  9:31  Mutalisk  
  128  9:34  Drone  
  128  9:37  Overlord  
  131  9:39  Mutalisk  
  131  9:43  Mutalisk  
  130  9:46  Corruptor  
  130  9:49  Zergling x2  
  130  9:52  Zergling x2  
  134  9:55  Mutalisk  
  134  9:57  Mutalisk  
  138  10:00  Zergling x2  
  138  10:02  Zergling x2  
  138  10:05  Overlord  
  140  10:07  Mutalisk  
  140  10:11  Mutalisk  
  144  10:15  Zergling x2  
  144  10:17  Corruptor  
  144  10:20  Mutalisk  
  149  10:24  Mutalisk  
  149  10:26  Mutalisk  
  153  10:30  Overlord  
  153  10:33  Drone  
  154  10:37  Mutalisk  
  154  10:40  Drone  
  157  10:44  Mutalisk  
  157  10:45  Unknown  
  157  10:47  Drone  
  157  10:49  Mutalisk  
  160  10:52  Drone  
  160  10:56  Overlord  
  161  10:58  Hydralisk  
  161  11:02  Drone  
  162  11:05  Overseer  
  162  11:08  Overseer  
  162  11:10  Hatchery  
  154  11:17  Zergling x2  
  151  11:21  Drone  
  140  11:29  Drone  
  128  11:33  Zergling x2  
  128  11:36  Hydralisk  
  125  11:43  Hydralisk  
  122  11:48  Zergling x2  
  122  11:51  Roach  
  125  11:54  Roach  
  125  11:56  Roach  
  125  12:00  Roach  
  131  12:02  Hydralisk  
  131  12:06  Drone  
  132  12:08  Hydralisk  
  132  12:14  Zergling x2  
  134  12:16  Mutalisk  
  134  12:21  Mutalisk  
  138  12:23  Corruptor  
  138  12:29  Corruptor  
  142  12:32  Hydralisk  
  142  12:36  Corruptor  
  145  12:39  Roach  
  145  12:43  Roach  
  149  12:45  Roach  
  149  12:48  Unknown, Hydralisk  
  151  12:52  Drone  
  151  12:55  Hydralisk  
  152  12:58  Queen  
  152  13:03  Zergling x2, Spine Crawler  
  152  13:05  Corruptor  
  154  13:10  Corruptor  
  158  13:13  Hydralisk  
  158  13:15  Spine Crawler  
  158  13:18  Corruptor  
  160  13:23  Roach  
  160  13:26  Overlord  
  161  13:29  Roach  
  161  13:33  Drone  
  164  13:38  Roach  
  166  13:41  Hydralisk  
  166  13:45  Hydralisk  
  168  13:51  Drone  
  168  13:55  Corruptor  
  169  13:59  Zergling x2  
  169  14:02  Corruptor  
  174  14:05  Hydralisk  
  174  14:09  Corruptor  
  175  14:16  Hatchery  
  176  14:20  Roach  
  176  14:23  Roach  
  180  14:28  Roach  
  180  14:29  Spore Crawler, Hydralisk  
  182  14:34  Overlord  
  182  14:36  Unknown, Drone  
  182  14:40  Corruptor  
  182  14:44  Zergling x2  
  185  14:48  Corruptor  
  185  14:51  Corruptor  
  189  14:53  Spore Crawler  
  189  14:55  Drone  
  189  14:58  Roach  
  191  15:01  Roach  
  191  15:03  Corruptor  
  195  15:08  Drone  
  195  15:11  Overlord  
  196  15:14  Corruptor  
  196  15:18  Corruptor  
  200  15:21  Corruptor  
  200  15:26  Drone  
  200  15:28  Corruptor  
  205  15:29  Hatchery  
  205  15:31  Drone  
  205  15:33  Drone  
  206  15:37  Overlord  
  206  15:41  Drone  
  207  15:43  Corruptor  
  207  15:47  Drone  
  207  15:49  Queen  
  212  15:53  Drone  
  213  15:59  Drone  
  213  16:03  Overlord  
  214  16:07  Drone  
  214  16:10  Drone  
  214  16:11  Spine Crawler  
  215  16:14  Drone  
  215  16:17  Drone  
  217  16:21  Drone  
  217  16:24  Overlord  
  218  16:28  Drone  
  218  16:29  Spine Crawler  
  218  16:31  Drone  
  219  16:34  Drone  
  220  16:41  Drone  
  220  16:44  Spine Crawler, Drone  
  221  16:48  Drone  
  221  16:50  Queen  
  220  16:54  Overlord  
  220  16:57  Drone  
  220  16:58  Spine Crawler  
  220  17:00  Mutalisk  
  220  17:02  Mutalisk  
  220  17:07  Drone  
  218  17:09  Mutalisk  
  218  17:13  Mutalisk  
  212  17:16  Drone  
  212  17:19  Zergling x2  
  212  17:22  Zergling x2  
  212  17:26  Drone  
  215  17:30  Roach  
  215  17:31  Spine Crawler  
  215  17:32  Zergling x2  
  215  17:36  Roach  
  215  17:39  Zergling x2  
  215  17:43  Drone  
  211  17:45  Corruptor  
  211  17:48  Drone  
  214  17:51  Zergling x2  
  214  17:53  Mutalisk  
  214  17:56  Mutalisk  
  219  18:00  Zergling x2  
  219  18:03  Drone  
  221  18:07  Zergling x2  
  221  18:10  Mutalisk  
  224  18:14  Mutalisk  
  224  18:18  Zergling x2  
  227  18:21  Drone  
  227  18:25  Zergling x2  
  229  18:30  Drone  
  230  18:34  Zergling x2  
  230  18:38  Overlord  
  231  18:41  Hatchery  
  231  18:43  Drone  
  231  18:46  Drone  
  232  18:49  Drone  
  232  18:51  Unknown  
  232  18:53  Zergling x2  
  231  18:56  Drone  
  231  19:00  Drone  
  233  19:03  Drone  
  233  19:06  Spine Crawler  
  233  19:08  Drone  
  234  19:12  Drone  
  234  19:16  Zergling x2  
  236  19:18  Spore Crawler  
  236  19:21  Drone  
  236  19:24  Drone  
  237  19:36  Infestor, Spore Crawler  
  238  19:39  Greater Spire  
  238  19:40  Drone  
  238  19:42  Infestor  
  236  19:45  Overlord  
  236  19:48  Mutalisk  
  236  19:52  Mutalisk  
  227  19:56  Roach  
  227  19:57  Spore Crawler  
  227  19:59  Hydralisk  
  224  20:02  Mutalisk  
  224  20:05  Infestor  
  228  20:08  Mutalisk  
  228  20:11  Hydralisk  
  231  20:15  Drone  
  231  20:16  Spine Crawler  
  231  20:17  Queen  
  231  20:20  Mutalisk  
  235  20:23  Infestor  
  235  20:26  Unknown, Mutalisk  
  228  20:29  Zergling x2  
  228  20:33  Drone  
  217  20:36  Hatchery, Overseer  
  217  20:39  Roach  
  217  20:42  Roach  
  199  20:45  Roach  
  199  20:47  Drone  
  199  20:49  Mutalisk  
  200  20:54  Roach  
  200  20:56  Mutalisk  
  206  20:59  Zergling x2  
  206  21:01  Infestor  
  209  21:06  Drone  
  209  21:09  Zergling x2  
  211  21:13  Roach  
  211  21:16  Mutalisk  
  215  21:19  Roach  
  217  21:32  Roach  
  219  21:34  Spore Crawler  
  219  21:35  Mutalisk  
  219  21:38  Infestor  
  222  21:42  Zergling x2  
  222  21:46  Roach  
  225  21:49  Mutalisk  
  225  21:52  Roach  
  229  21:56  Roach  
  229  21:58  Drone  
  232  22:02  Mutalisk  
  232  22:04  Infestor  
  232  22:05  Unknown  
  236  22:08  Zergling x2  
  236  22:12  Roach  
  238  22:15  Queen  
  238  22:19  Mutalisk  
  242  22:23  Roach  
  242  22:26  Roach  
  242  22:29  Overlord  
  246  22:32  Mutalisk  
  246  22:36  Drone  
  249  22:39  Infestor  
  249  22:43  Mutalisk  
  253  22:46  Mutalisk  
  253  22:49  Infestor  
  257  22:53  Mutalisk  
  257  22:56  Hatchery  
  257  22:57  Overlord  
  258  23:01  Infestor  
  260  23:06  Drone  
  260  23:09  Infestor  
  263  23:13  Infestor  
  265  23:20  Overlord  
  265  23:23  Mutalisk  
  267  23:34  Viper  
  267  23:39  Unknown  
  269  23:42  Viper  
  269  23:45  Overlord  
  272  23:49  Drone  
  272  23:51  Viper  
  272  23:54  Viper  
  279  24:09  Overlord  
  279  24:21  Queen  
  280  24:52  Drone  
  281  25:01  Spore Crawler  
  281  25:06  Drone  
  281  25:18  Spore Crawler  
  280  25:23  Drone  
  281  25:38  Hatchery  
  281  25:41  Drone  
  281  25:51  Unknown  
  281  25:56  Drone  
  281  26:06  Spine Crawler  
  281  26:09  Drone  
  281  26:26  Spine Crawler  
  281  26:31  Drone  
  281  26:55  Queen  
  281  26:59  Ultralisk Cavern  
  282  27:03  Drone  
  283  27:13  Spine Crawler  
  282  27:18  Drone  
  283  27:25  Spine Crawler  
  283  27:30  Drone  
  283  27:47  Ultralisk  
  283  27:50  Ultralisk  
  295  27:52  Ultralisk  
  295  27:55  Overlord  
  295  27:58  Ultralisk  
  307  28:03  Ultralisk  
  313  28:18  Overlord  
  313  28:35  Ultralisk  
  313  28:39  Ultralisk  
  313  28:41  Overlord, Spine Crawler  
  324  28:46  Drone  
  325  28:50  Ultralisk  
  325  28:53  Ultralisk  
  337  28:57  Ultralisk  
  337  29:01  Ultralisk  
  337  29:02  Overlord  
  349  29:24  Overlord  
  349  29:27  Ultralisk  
  355  29:42  Drone  
  355  29:48  Hatchery, Overlord  
  355  29:50  Drone  
  355  30:02  Spore Crawler  
  355  30:07  Drone  
  355  30:11  Overlord  
  355  30:13  Spore Crawler  
  354  30:17  Drone  
  355  30:23  Spore Crawler  
  355  30:26  Drone  
  354  30:30  Drone  
  354  30:33  Drone  
  354  30:35  Drone  
  354  30:37  Spine Crawler, Drone  
  354  30:39  Drone  
  354  30:45  Drone  
  355  31:10  Queen  
  357  31:38  Hatchery  
  356  31:41  Drone  
  357  32:00  Mutalisk  
  355  32:02  Spine Crawler  
  355  32:04  Mutalisk  
  355  32:07  Drone  
  351  32:09  Mutalisk  
  351  32:11  Mutalisk  
  351  32:14  Mutalisk  
  349  32:16  Mutalisk  
  349  32:18  Mutalisk  
  349  32:21  Mutalisk  
  350  32:23  Mutalisk  
  350  32:25  Mutalisk  
  348  32:30  Mutalisk  
  348  32:34  Spore Crawler  
  348  32:37  Mutalisk  
  340  32:39  Drone  
  340  32:41  Mutalisk  
  345  32:45  Spore Crawler  
  345  32:49  Drone  
  345  32:56  Queen  
  347  32:59  Spine Crawler  
  347  33:02  Drone  
  347  33:09  Mutalisk  
  347  33:11  Mutalisk  
  341  33:14  Mutalisk  
  341  33:16  Mutalisk  
  341  33:19  Mutalisk, Extractor  
  340  33:21  Mutalisk  
  340  33:24  Mutalisk  
  340  33:26  Drone  
  341  33:28  Mutalisk  
  341  33:30  Mutalisk  
  341  33:32  Mutalisk  
  341  33:35  Mutalisk  
  341  33:37  Mutalisk  
  341  33:39  Mutalisk  
  342  33:42  Drone  
  342  33:52  Drone  
  327  33:56  Mutalisk  
  327  33:58  Mutalisk  
  327  34:01  Mutalisk  
  315  34:04  Zergling x2, Spore Crawler  
  315  34:07  Drone  
  315  34:08  Mutalisk  
  300  34:18  Zergling x2  
  300  34:20  Mutalisk  
  300  34:21  Spine Crawler  
  300  34:22  Roach  
  291  34:25  Roach  
  291  34:27  Drone  
  291  34:28  Mutalisk  
  291  34:31  Mutalisk  
  288  34:33  Mutalisk  
  288  34:36  Mutalisk  
  288  34:37  Spine Crawler  
  288  34:38  Mutalisk  
  289  34:40  Mutalisk  
  289  34:43  Unknown, Drone  
  289  34:44  Mutalisk  
  283  34:46  Drone  
  283  34:48  Mutalisk  
  283  34:50  Mutalisk  
  283  34:52  Spore Crawler  
  284  34:53  Roach  
  284  34:54  Drone  
  284  34:56  Mutalisk  
  284  34:58  Drone  
  282  35:01  Roach  
  282  35:03  Drone  
  282  35:04  Spine Crawler  
  282  35:08  Roach  
  282  35:10  Mutalisk  
  282  35:12  Mutalisk  
  282  35:14  Mutalisk  
  284  35:16  Drone  
  284  35:17  Mutalisk  
  284  35:19  Mutalisk  
  284  35:20  Spine Crawler  
  284  35:21  Mutalisk  
  290  35:23  Mutalisk  
  290  35:25  Mutalisk  
  290  35:28  Drone  
  282  35:29  Mutalisk  
  282  35:30  Spine Crawler  
  282  35:32  Roach  
  282  35:35  Roach  
  267  35:37  Roach  
  267  35:38  Drone  
  267  35:40  Roach  
  267  35:41  Mutalisk  
  262  35:43  Mutalisk  
  262  35:44  Spine Crawler  
  262  35:46  Roach  
  262  35:48  Roach  
  262  35:49  Mutalisk  
  252  35:52  Drone  
  252  35:53  Roach  
  252  35:55  Spine Crawler, Roach  
  253  35:57  Roach  
  253  35:58  Drone  
  253  36:00  Mutalisk  
  253  36:02  Drone  
  257  36:06  Drone  
  257  36:08  Roach  
  257  36:09  Mutalisk  
  259  36:11  Mutalisk  
  259  36:14  Spine Crawler, Roach  
  259  36:18  Drone  
  259  36:19  Corruptor  
  259  36:23  Mutalisk  
  251  36:28  Mutalisk  
  251  36:32  Mutalisk, Spore Crawler, Roach  
  240  36:38  Drone  
  240  36:39  Mutalisk  
  225  36:42  Zergling x2  
  225  36:44  Zergling x2  
  225  36:46  Roach  
  214  36:48  Roach  
  214  36:50  Roach  
  214  36:52  Mutalisk  
  206  36:54  Mutalisk  
  206  36:56  Mutalisk  
  206  37:00  Mutalisk  
  198  37:03  Mutalisk  
  198  37:06  Corruptor  
  202  37:09  Corruptor  
  202  37:13  Corruptor  
  202  37:15  Corruptor  
  205  37:18  Corruptor  
  205  37:20  Corruptor  
  205  37:22  Corruptor  
  211  37:23  Extractor  
  211  37:26  Corruptor  
  211  37:28  Drone  
  211  37:29  Corruptor  
  215  37:31  Corruptor  
  215  37:33  Queen  
  215  37:34  Spine Crawler  
  215  37:35  Zergling x2  
  219  37:39  Drone  
  219  37:41  Roach  
  219  37:42  Corruptor  
  217  37:44  Zergling x2, Spine Crawler  
  217  37:45  Hydralisk  
  217  37:47  Drone  
  217  37:48  Hydralisk  
  217  37:50  Roach  
  214  37:52  Drone  
  214  37:53  Hydralisk  
  214  37:55  Zergling x2  
  214  37:56  Drone  
  214  37:58  Zergling x2  
  210  37:59  Roach  
  210  38:00  Spine Crawler, Hydralisk  
  210  38:02  Drone  
  210  38:04  Zergling x2  
  213  38:05  Drone  
  213  38:07  Zergling x2  
  213  38:09  Drone  
  213  38:10  Drone  
  211  38:13  Drone  
  211  38:15  Overseer  
  211  38:16  Drone  
  211  38:17  Hydralisk  
  213  38:20  Drone  
  213  38:21  Hydralisk  
  213  38:23  Drone  
  213  38:24  Mutalisk  
  209  38:27  Roach  
  209  38:28  Mutalisk  
  209  38:29  Spore Crawler  
  209  38:32  Drone  
  207  38:37  Mutalisk  
  207  38:39  Corruptor  
  207  38:41  Corruptor  
  202  38:42  Corruptor  
  202  38:44  Corruptor  
  202  38:45  Corruptor  
  204  38:49  Corruptor  
  204  38:52  Mutalisk  
  204  38:54  Corruptor  
  201  38:56  Hydralisk  
  201  39:01  Mutalisk  
  201  39:02  Mutalisk  
  190  39:04  Overseer  
  190  39:06  Mutalisk  
  179  39:10  Hydralisk  
  179  39:13  Hydralisk  
  179  39:15  Mutalisk  
  182  39:17  Drone  
  182  39:18  Mutalisk  
  182  39:22  Mutalisk  
  183  39:25  Mutalisk  
  183  39:27  Hatchery  
  183  39:28  Corruptor  
  183  39:29  Corruptor  
  188  39:31  Pneumatized Carapace  
  188  39:33  Drone  
  189  39:38  Roach  
  189  39:39  Corruptor  
  189  39:43  Overseer  
  184  39:47  Drone  
  184  39:49  Overseer  
  178  39:54  Hatchery  
  178  39:55  Drone  
  174  40:05  Spore Crawler  
  174  40:06  Drone  
  172  40:11  Hatchery  
  168  40:16  Spore Crawler  
Show
View Real Time Build Order
Export as new Build Order

Player 8 Protoss 

Build Orders: 1 Gate Expand, Double Forge, Zealot Archon 

Get SALT Encoding   

  12  0:01  Probe  
  13  0:13  Probe  
  14  0:17  Pylon  
  14  0:25  Probe  
  15  0:33  Probe  
  15  0:41  Probe  
  16  0:45  Gateway  
  16  0:46  Unknown  
  17  0:51  Pylon  
  17  0:52  Probe  
  18  1:00  Probe  
  19  1:08  Probe  
  19  1:11  Nexus  
  20  1:21  Probe  
  21  1:34  Zealot  
  21  1:36  Probe  
  21  1:37  Gateway  
  21  1:39  Cybernetics Core  
  24  1:47  Pylon  
  24  1:48  Probe  
  25  1:54  Zealot  
  25  2:00  Probe  
  28  2:12  Probe  
  29  2:18  Adept  
  29  2:19  Probe, Pylon  
  31  2:24  Adept  
  31  2:25  Probe  
  31  2:27  Probe  
  37  2:37  Probe x2  
  38  2:47  Pylon  
  38  2:48  Adept  
  38  2:49  Probe x2, Robotics Facility  
  42  2:54  Adept  
  44  3:00  Probe  
  44  3:01  Probe  
  46  3:08  Probe  
  47  3:13  Probe  
  47  3:16  Probe, Gateway  
  47  3:18  Sentry  
  50  3:24  Probe  
  50  3:25  Sentry  
  50  3:26  Probe  
  54  3:30  Pylon  
  54  3:32  Probe  
  55  3:36  Immortal  
  55  3:38  Probe  
  61  3:43  Probe  
  61  3:44  Stalker  
  64  3:50  Probe  
  64  3:51  Stalker  
  64  3:53  Robotics Facility  
  67  3:55  Probe  
  67  3:59  Pylon  
  67  4:02  Probe  
  69  4:04  Stalker  
  69  4:06  Warp Gate  
  69  4:08  Probe  
  69  4:09  Pylon  
  72  4:11  Unknown  
  72  4:14  Probe, Adept  
  74  4:19  Immortal  
  74  4:20  Probe, Stalker  
  74  4:21  Gateway  
  82  4:27  Pylon  
  82  4:32  Forge  
  82  4:34  Stalker  
  82  4:36  Forge  
  82  4:37  Probe  
  82  4:39  Probe  
  82  4:44  Stalker  
  82  4:49  Probe  
  82  4:50  Immortal  
  82  4:51  Probe  
  88  4:58  Immortal  
  88  5:02  Probe  
  88  5:03  Probe, Stalker  
  96  5:08  Stalker  
  96  5:12  Probe  
  96  5:13  Photon Cannon  
  96  5:14  Probe  
  93  5:20  Probe  
  82  5:24  Zealot  
  82  5:25  Zealot  
  82  5:26  Probe  
  82  5:27  Pylon  
  88  5:29  Probe  
  88  5:33  Twilight Council  
  89  5:35  Zealot  
  89  5:38  Probe  
  89  5:39  Zealot  
  89  5:41  Probe  
  95  5:48  Photon Cannon  
  95  5:49  Observer  
  92  5:50  Probe  
  92  5:51  Zealot  
  92  5:53  Probe  
  94  6:00  Stalker  
  94  6:02  Probe  
  95  6:07  Probe, Pylon  
  95  6:11  Stalker  
  98  6:14  Probe  
  98  6:15  Zealot  
  101  6:18  Unknown  
  101  6:19  Probe  
  101  6:25  Zealot  
  104  6:29  Templar Archives  
  104  6:30  Probe  
  104  6:31  Zealot  
  107  6:33  Nexus  
  107  6:34  Zealot  
  107  6:36  Stalker  
  107  6:39  Zealot  
  105  6:42  Unknown  
  105  6:46  Probe  
  104  6:54  Probe  
  104  6:58  Probe  
  104  7:00  Sentry  
  108  7:02  Stalker  
  108  7:07  Sentry  
  112  7:09  High Templar  
  114  7:25  High Templar  
  114  7:26  Pylon  
  114  7:27  Zealot  
  118  7:34  Archon  
  118  7:44  Zealot  
  118  7:46  Probe  
  118  7:47  High Templar  
  118  7:50  Probe  
  124  7:52  Zealot  
  124  7:54  Probe  
  127  7:58  Zealot  
  127  7:59  Pylon  
  127  8:00  Probe  
  127  8:04  Stalker, Assimilator  
  132  8:08  Probe  
  132  8:11  Assimilator  
  132  8:12  High Templar  
  135  8:13  Zealot  
  137  8:20  Probe  
  137  8:22  Probe  
  137  8:24  Probe  
  137  8:26  Zealot  
  142  8:29  Zealot  
  142  8:32  Probe  
  142  8:33  Pylon  
  145  8:34  Zealot  
  145  8:41  Stalker  
  149  8:47  Protoss Ground Weapons Level 1  
  149  8:51  Probe  
  151  8:55  Probe  
  151  8:57  Zealot  
  151  9:00  Probe  
  154  9:03  Zealot  
  154  9:05  Probe  
  157  9:11  Pylon  
  157  9:19  Probe  
  157  9:21  Probe  
  157  9:27  Probe  
  158  9:33  Probe  
  158  9:35  Pylon, Zealot  
  158  9:38  Probe, Observer  
  162  9:41  Stalker  
  155  9:47  Probe  
  155  9:49  Zealot  
  155  9:52  Zealot  
  151  9:54  Photon Cannon  
  151  9:56  Stalker  
  135  10:00  Nexus  
  135  10:03  Stalker  
  135  10:07  Probe  
  121  10:09  Probe  
  121  10:10  Immortal  
  121  10:12  Zealot  
  120  10:15  Stalker  
  120  10:19  Probe  
  127  10:21  Immortal, Stalker  
  131  10:32  Zealot  
  131  10:36  Sentry  
  131  10:39  Stalker  
  131  10:42  Probe  
  136  10:44  Stalker  
  138  10:51  Robotics Bay  
  137  10:57  High Templar  
  137  11:00  Zealot  
  137  11:02  Stalker  
  137  11:07  High Templar  
  121  11:13  Immortal  
  121  11:17  Probe  
  114  11:20  Sentry  
  114  11:25  Probe  
  111  11:30  Stalker  
  95  11:41  Sentry  
  95  11:43  Stalker  
  89  11:51  Probe x2  
  85  12:03  High Templar  
  85  12:05  Probe, Zealot  
  74  12:24  Pylon  
  74  12:26  Probe  
  74  12:28  High Templar  
  54  12:38  Probe  
Show
View Real Time Build Order
Export as new Build Order

Player 9 Zerg 

Build Orders: Hatch First 

Get SALT Encoding   

  12  0:01  Drone  
  13  0:11  Overlord  
  13  0:13  Drone  
  14  0:29  Drone x2  
  14  0:33  Drone  
  17  0:41  Hatchery  
  16  0:44  Drone  
  17  0:56  Spawning Pool  
  16  0:58  Unknown  
  16  0:59  Drone  
  16  1:06  Drone  
  17  1:16  Drone  
  18  1:27  Drone  
  19  1:38  Overlord  
  19  1:43  Queen  
  21  1:49  Drone  
  21  1:53  Roach Warren, Queen, Drone  
  24  1:59  Zergling x2  
  25  2:04  Drone  
  26  2:10  Drone  
  26  2:15  Drone  
  28  2:21  Drone  
  29  2:25  Drone  
  30  2:32  Zergling x2  
  30  2:36  Zergling x2  
  32  2:38  Lair  
  32  2:42  Overlord  
  32  2:47  Drone  
  32  2:48  Unknown  
  32  2:50  Drone  
  35  2:51  Roach  
  35  2:52  Overlord  
  35  2:53  Overlord  
  35  2:54  Drone  
  36  3:01  Roach x2  
  36  3:03  Zergling x2, Roach  
  36  3:05  Zergling x2  
  44  3:10  Zergling x2  
  44  3:11  Drone  
  44  3:12  Drone  
  47  3:14  Drone  
  47  3:17  Drone  
  50  3:27  Drone  
  50  3:31  Overlord, Roach  
  50  3:34  Drone  
  53  3:35  Drone  
  53  3:37  Drone  
  53  3:38  Drone  
  53  3:39  Overlord  
  53  3:40  Overlord  
  56  3:42  Roach x2  
  56  3:43  Infestation Pit  
  56  3:44  Drone  
  60  3:50  Roach  
  62  4:02  Overlord  
  62  4:04  Overlord  
  62  4:07  Roach  
  62  4:09  Roach  
  66  4:12  Roach  
  66  4:16  Roach  
  70  4:18  Roach  
  70  4:19  Infestor  
  70  4:20  Infestor  
  70  4:22  Infestor, Roach  
  82  4:24  Infestor, Roach  
  82  4:27  Roach  
  82  4:28  Drone  
  82  4:29  Drone  
  82  4:30  Infestor  
  90  4:31  Drone  
  90  4:33  Drone  
  90  4:34  Infestor  
  90  4:35  Queen  
  96  4:43  Infestor  
  96  4:44  Infestor  
  100  4:46  Spore Crawler, Drone  
  100  4:48  Overlord  
  100  4:55  Spore Crawler  
  100  4:57  Drone  
  100  5:09  Overlord  
  100  5:10  Baneling Nest  
  100  5:11  Drone  
  101  5:14  Zergling x2  
  101  5:15  Hydralisk Den  
  101  5:16  Drone  
  101  5:19  Zergling x2  
  101  5:20  Drone  
  103  5:23  Zergling x2  
  103  5:26  Roach  
  103  5:27  Zergling x2  
  107  5:30  Unknown, Roach  
  107  5:31  Overlord  
  107  5:34  Roach  
  110  5:36  Roach  
  110  5:38  Drone  
  113  5:43  Hydralisk  
  113  5:46  Hydralisk  
  113  5:48  Hydralisk  
  116  5:52  Overseer  
  116  5:53  Hatchery  
  116  5:54  Hydralisk  
  116  5:56  Overlord  
  116  5:59  Hydralisk  
  116  6:02  Drone  
  118  6:06  Baneling  
  118  6:07  Baneling  
  118  6:09  Hydralisk  
  119  6:11  Hydralisk  
  119  6:14  Hydralisk  
  119  6:17  Drone  
  122  6:20  Zergling x2  
  122  6:22  Baneling  
  123  6:26  Hydralisk  
  123  6:30  Hydralisk  
  125  6:33  Overlord  
  125  6:37  Drone  
  125  6:39  Hydralisk  
  126  6:42  Zergling x2  
  128  6:51  Hydralisk  
  128  6:54  Hydralisk  
  128  6:55  Spine Crawler  
  128  6:57  Drone  
  112  7:02  Hydralisk  
  103  7:10  Overlord  
  103  7:14  Zergling x2  
  97  7:18  Hive  
  97  7:19  Drone  
  96  7:23  Zergling x2  
  96  7:26  Unknown, Roach  
  100  7:30  Roach  
  100  7:34  Unknown, Roach  
  101  7:37  Hydralisk  
  101  7:42  Evolution Chamber, Roach  
  103  7:47  Baneling  
  103  7:50  Hydralisk  
  104  7:55  Hydralisk  
  104  7:57  Evolution Chamber  
  104  8:00  Zergling x2  
  105  8:06  Drone  
  105  8:07  Spire  
  105  8:08  Zergling x2  
  105  8:11  Drone  
  107  8:14  Ravager  
  107  8:16  Roach  
  107  8:18  Roach  
  107  8:19  Spine Crawler, Hydralisk  
  112  8:22  Roach  
  112  8:23  Hydralisk  
  112  8:26  Hydralisk  
  116  8:29  Zergling x2, Evolution Chamber  
  116  8:30  Drone  
  116  8:33  Zergling x2  
  118  8:35  Roach  
  118  8:38  Ravager  
  118  8:40  Drone  
  122  8:43  Roach  
  122  8:44  Overlord  
  122  8:48  Roach  
  126  8:50  Zergling x2  
  126  8:52  Zergling x2  
  128  8:56  Roach  
  128  8:58  Drone  
  128  9:01  Roach  
  133  9:03  Roach  
  133  9:05  Drone  
  133  9:08  Overlord  
  136  9:11  Drone  
  136  9:14  Drone  
  138  9:17  Drone  
  138  9:20  Drone  
  138  9:22  Greater Spire, Mutalisk  
  141  9:26  Drone  
  141  9:29  Zergling x2  
  142  9:31  Mutalisk  
  142  9:33  Mutalisk  
  142  9:37  Overlord  
  141  9:40  Drone  
  141  9:43  Zergling x2  
  132  9:46  Zergling x2  
  132  9:48  Mutalisk  
  132  9:52  Mutalisk  
  116  9:55  Corruptor  
  116  9:57  Hatchery  
  116  9:58  Drone  
  92  10:01  Roach  
  92  10:04  Zergling x2  
  95  10:07  Roach  
  95  10:09  Zergling x2  
  95  10:13  Roach  
  98  10:15  Roach  
  98  10:17  Hydralisk  
  98  10:19  Hydralisk  
  102  10:22  Drone  
  102  10:24  Hydralisk  
  102  10:28  Infestor  
  104  10:31  Mutalisk  
  104  10:33  Mutalisk  
  110  10:36  Corruptor  
  110  10:39  Zergling x2  
  110  10:42  Roach  
  115  10:44  Corruptor  
  115  10:48  Zergling x2  
  118  10:50  Roach  
  118  10:53  Ravager  
  118  10:56  Roach  
  123  10:57  Hydralisk  
  123  11:00  Hydralisk  
  123  11:03  Corruptor  
  127  11:06  Drone  
  127  11:08  Hydralisk  
  129  11:12  Infestor  
  129  11:14  Mutalisk  
  129  11:18  Brood Lord  
  135  11:20  Mutalisk  
  135  11:23  Unknown, Corruptor  
  138  11:26  Zergling x2  
  138  11:29  Roach  
  138  11:32  Brood Lord  
  143  11:33  Corruptor  
  143  11:37  Roach  
  147  11:40  Overlord  
  147  11:43  Roach  
  147  11:45  Hydralisk  
  150  11:48  Hydralisk  
  150  11:50  Corruptor  
  150  11:53  Drone  
  154  11:56  Hydralisk  
  154  11:58  Mutalisk  
  154  12:01  Corruptor  
  157  12:04  Brood Lord  
  157  12:08  Infestor  
  162  12:10  Drone  
  162  12:13  Roach  
  165  12:15  Mutalisk  
  165  12:19  Brood Lord  
  165  12:21  Roach  
  171  12:23  Corruptor  
  171  12:26  Roach  
  171  12:28  Overlord  
  175  12:30  Hydralisk  
  175  12:34  Hydralisk  
  177  12:37  Hydralisk  
  177  12:41  Drone  
  177  12:44  Mutalisk  
  177  12:48  Overseer  
  179  12:51  Overseer  
  179  12:52  Spine Crawler  
  178  13:01  Drone  
  178  13:04  Roach  
  180  13:06  Spine Crawler  
  180  13:08  Roach  
  180  13:11  Overlord  
  179  13:23  Drone  
  176  13:33  Hydralisk  
  175  13:37  Hydralisk  
  175  13:41  Hydralisk  
  177  13:45  Drone  
  177  13:48  Mutalisk  
  179  13:51  Mutalisk  
  179  13:54  Roach  
  185  13:57  Roach  
  185  13:59  Corruptor  
  188  14:03  Drone  
  188  14:05  Overlord  
  188  14:08  Corruptor  
  188  14:09  Corruptor  
  181  14:12  Spore Crawler, Hydralisk  
  179  14:17  Hydralisk  
  179  14:21  Drone  
  179  14:23  Mutalisk, Spine Crawler  
  182  14:25  Mutalisk  
  182  14:28  Mutalisk  
  182  14:32  Spine Crawler, Drone  
  182  14:33  Corruptor  
  182  14:35  Corruptor  
  184  14:39  Corruptor  
  184  14:44  Drone  
  168  14:45  Spine Crawler  
  168  14:46  Overlord  
  168  14:48  Mutalisk  
  168  14:50  Mutalisk  
  154  14:54  Zergling x2  
  154  14:57  Drone  
  142  15:00  Corruptor  
  142  15:01  Spine Crawler  
  142  15:02  Zergling x2  
  142  15:05  Zergling x2  
  144  15:07  Roach  
  144  15:12  Drone  
  149  15:14  Roach  
  149  15:17  Roach  
  149  15:19  Roach  
  153  15:22  Roach  
  153  15:24  Hydralisk  
  153  15:26  Spine Crawler  
  153  15:27  Hydralisk  
  156  15:29  Hydralisk  
  156  15:32  Mutalisk  
  156  15:35  Spine Crawler, Drone  
  158  15:38  Zergling x2  
  158  15:40  Zergling x2  
  159  15:43  Mutalisk  
  159  15:45  Corruptor  
  159  15:48  Corruptor  
  165  15:51  Corruptor  
  165  15:55  Roach  
  169  15:57  Roach  
  169  16:00  Spore Crawler  
  169  16:01  Roach  
  169  16:03  Drone  
  173  16:06  Hydralisk  
  173  16:08  Hydralisk  
  169  16:12  Hydralisk  
  169  16:14  Mutalisk  
  169  16:17  Spore Crawler  
  169  16:18  Overlord  
  167  16:20  Queen  
  167  16:23  Zergling x2  
  157  16:25  Zergling x2  
  157  16:29  Overseer  
  157  16:31  Mutalisk  
  149  16:33  Corruptor  
  149  16:34  Spore Crawler  
  149  16:36  Corruptor  
  149  16:39  Roach  
  135  16:45  Drone  
  132  16:48  Spore Crawler  
  132  16:51  Hatchery  
  132  16:52  Roach  
  119  16:55  Roach  
  119  16:58  Zergling x2  
  119  17:00  Zergling x2  
  97  17:03  Hydralisk  
  97  17:07  Roach  
  82  17:11  Drone  
  82  17:12  Hydralisk  
  82  17:14  Mutalisk  
  60  17:16  Mutalisk  
  60  17:19  Drone  
  60  17:22  Overlord  
  43  17:34  Overseer  
  24  17:44  Drone  
  24  17:46  Overlord  
  23  17:54  Drone  
  23  18:01  Drone  
  23  18:03  Drone  
  18  18:05  Drone  
  18  18:07  Drone  
  18  18:08  Drone  
  18  18:10  Overlord  
  21  18:12  Drone  
  21  18:14  Drone  
  21  18:20  Drone  
  21  18:24  Drone  
  21  18:25  Drone  
  22  18:31  Hatchery  
  22  18:33  Drone  
  22  18:37  Drone  
  22  18:40  Drone  
  23  18:42  Drone  
  23  18:45  Overlord  
  23  18:47  Drone  
  22  18:54  Drone  
  23  18:57  Drone  
  23  19:00  Drone  
  25  19:04  Drone  
  25  19:07  Drone  
  26  19:10  Drone  
  26  19:13  Overlord  
  25  19:36  Overlord  
  21  19:51  Overlord  
  21  19:59  Overlord  
  14  20:22  Overlord  
  13  20:38  Overlord  
  13  20:49  Drone  
  11  20:50  Drone  
  11  20:54  Burrow  
  8  20:58  Hatchery  
  8  21:00  Drone  
  7  21:10  Drone  
  8  21:21  Drone  
  9  21:32  Drone  
  9  21:37  Drone  
  10  21:53  Drone  
  11  21:58  Drone  
  11  22:02  Drone  
  11  22:04  Overlord  
  11  22:14  Pneumatized Carapace  
  11  22:23  Drone  
  11  22:26  Drone  
  13  22:34  Drone  
  13  22:37  Overlord  
  13  22:45  Drone x2  
  13  22:48  Drone  
  14  22:54  Drone  
  14  22:58  Drone  
  15  23:09  Drone  
  15  23:11  Drone  
  15  23:20  Drone  
  15  23:30  Drone  
  15  23:42  Drone  
  16  23:52  Drone  
  16  24:03  Drone  
  17  24:13  Drone  
  18  24:24  Drone  
  19  24:35  Drone  
Show
View Real Time Build Order
Export as new Build Order

Player 10 Terran 

Build Orders:  

Get SALT Encoding   

  12  0:01  SCV  
  13  0:13  SCV  
  14  0:15  Supply Depot  
  14  0:25  SCV  
  15  0:37  SCV  
  16  0:43  Barracks  
  16  0:49  SCV  
  17  0:53  Command Center  
  17  1:02  SCV  
  18  1:14  SCV  
  19  1:19  Supply Depot  
  19  1:21  Unknown  
  19  1:26  SCV  
  19  1:30  Marine  
  21  1:35  Barracks  
  21  1:38  Orbital Command  
  21  1:44  Supply Depot  
  21  1:48  Marine  
  22  2:04  SCV x2  
  22  2:05  Marine  
  25  2:11  Factory  
  25  2:16  SCV x2  
  25  2:22  Marine  
  28  2:23  Marine  
  28  2:28  SCV x2  
  31  2:37  Barracks  
  31  2:40  SCV x2, Marine  
  31  2:41  Marine  
  35  2:51  Supply Depot  
  35  2:52  SCV  
  35  2:53  SCV  
  35  2:58  Barracks Tech Lab, Factory Tech Lab  
  37  3:00  Barracks Tech Lab  
  37  3:04  SCV  
  37  3:05  SCV  
  39  3:14  Supply Depot  
  39  3:16  SCV  
  39  3:17  SCV  
  39  3:18  Marine  
  39  3:19  Marine  
  42  3:20  Supply Depot  
  42  3:21  Siege Tank  
  42  3:24  Marine  
  47  3:28  SCV  
  47  3:29  SCV  
  49  3:36  Marine  
  49  3:37  Marine  
  49  3:38  Supply Depot  
  49  3:40  SCV  
  53  3:41  SCV, Unknown  
  53  3:42  Marine  
  54  3:52  SCV  
  54  3:53  SCV, Supply Depot, Siege Tank  
  54  3:54  Marine  
  54  3:55  Marine  
  61  4:00  Marine  
  61  4:02  Supply Depot  
  62  4:05  SCV x2  
  64  4:12  Marauder  
  64  4:13  Marauder  
  64  4:14  Supply Depot  
  64  4:17  SCV x2  
  69  4:18  Marine  
  71  4:25  Siege Tank  
  71  4:29  SCV x2  
  76  4:34  Marauder  
  76  4:35  Marauder, Marine  
  81  4:41  SCV  
  81  4:44  Engineering Bay, Orbital Command  
  82  4:49  Unknown  
  82  4:54  Supply Depot  
  82  4:55  Marauder  
  82  4:56  Marauder  
  82  4:57  Unknown, Siege Tank  
  82  4:58  Marine  
  90  5:02  Engineering Bay  
  90  5:16  Marine  
  90  5:17  Barracks  
  90  5:19  Marine  
  88  5:22  Supply Depot  
  88  5:25  Marine  
  86  5:30  Missile Turret, Siege Tank  
  86  5:34  Marauder  
  91  5:38  Missile Turret, Marauder  
  91  5:43  Marine  
  91  5:46  Ghost Academy  
  92  5:56  Marauder  
  94  5:58  Missile Turret  
  94  5:59  Marauder  
  94  6:02  Siege Tank  
  99  6:06  Supply Depot  
  99  6:07  Barracks Reactor  
  99  6:08  Marine  
  99  6:10  Command Center  
  100  6:19  Ghost  
  100  6:21  Ghost  
  100  6:22  Missile Turret  
  102  6:34  Supply Depot, Hellion  
  103  6:40  Marine  
  104  6:48  Marauder  
  104  6:53  Marauder  
  108  6:55  Siege Tank  
  108  7:06  Marine  
  107  7:10  Marine  
  107  7:12  Starport  
  107  7:14  Ghost  
  110  7:21  Supply Depot  
  110  7:27  Ghost, Siege Tank  
  110  7:28  SCV  
  116  7:30  SCV  
  116  7:32  Armory  
  116  7:33  SCV  
  118  7:40  SCV  
  118  7:41  Unknown  
  118  7:42  SCV  
  120  7:45  SCV  
  120  7:50  Viking  
  123  7:51  Supply Depot  
  123  7:52  SCV  
  123  7:54  Command Center  
  123  7:56  SCV  
  125  8:01  SCV  
  125  8:04  Marauder  
  128  8:08  SCV  
  128  8:11  SCV  
  128  8:12  Siege Tank  
  133  8:16  Armory  
  133  8:17  SCV  
  133  8:19  Marauder  
  136  8:21  SCV  
  136  8:26  Marauder  
  139  8:27  Fusion Core  
  139  8:28  SCV  
  139  8:30  Starport Tech Lab  
  140  8:36  Supply Depot  
  140  8:37  SCV, Orbital Command  
  140  8:39  Ghost  
  140  8:41  SCV  
  144  8:46  Siege Tank  
  147  8:49  Missile Turret  
  147  8:51  Marauder  
  149  9:06  Missile Turret  
  149  9:08  Ghost  
  151  9:15  SCV  
  152  9:17  Ghost  
  152  9:21  SCV, Missile Turret  
  152  9:22  Siege Tank  
  158  9:28  SCV  
  158  9:31  SCV, Missile Turret  
  160  9:36  SCV  
  161  9:38  SCV  
  161  9:39  Supply Depot  
  161  9:43  SCV  
  163  9:46  Raven  
  165  9:54  Unknown  
  165  9:57  Command Center  
  165  10:00  Marauder  
  165  10:02  Unknown, Marauder  
  169  10:07  Supply Depot, Siege Tank  
  172  10:17  Missile Turret  
  172  10:21  Ghost  
  172  10:24  Marauder  
  172  10:25  Marine  
  172  10:27  Marine  
  160  10:30  Marine  
  114  10:43  Marine  
  114  10:45  Marauder  
  114  10:46  Marine  
  114  10:49  Ghost  
  112  10:51  Siege Tank  
  112  10:55  Viking  
  119  11:03  Supply Depot  
  109  11:05  Marine  
  109  11:09  Ghost  
  110  11:14  SCV  
  110  11:17  Marine  
  112  11:19  Ghost  
  112  11:23  SCV  
  112  11:25  Battlecruiser, Marine  
  120  11:29  SCV  
  120  11:30  SCV  
  120  11:31  Marine  
  119  11:35  SCV  
  119  11:37  Marine  
  119  11:39  SCV  
  122  11:40  Marine  
  122  11:42  SCV  
  122  11:47  SCV  
  122  11:50  Marine  
  122  11:52  SCV  
  122  11:54  Marine  
  125  11:56  SCV  
  125  11:57  Missile Turret, Marine  
  125  11:59  SCV  
  125  12:01  Marine  
  129  12:03  SCV  
  129  12:05  Marine  
  129  12:07  SCV  
  132  12:09  Marine  
  132  12:13  SCV, Command Center  
  132  12:15  Marine  
  135  12:17  SCV  
  135  12:20  SCV  
  131  12:23  Supply Depot  
  131  12:25  SCV  
  131  12:29  SCV  
  125  12:32  SCV  
  125  12:35  Hellion  
  123  12:37  SCV  
  122  12:44  SCV  
  119  12:52  SCV  
  119  12:56  SCV, Ghost  
  119  12:58  Command Center, Siege Tank  
  126  13:03  Ghost  
  126  13:04  SCV  
  129  13:08  SCV  
  130  13:16  SCV  
  131  13:21  SCV  
  131  13:26  Marine  
  119  13:28  SCV, Marine  
  119  13:30  Marine  
  119  13:32  Viking  
  119  13:33  Factory  
  110  13:34  SCV  
  110  13:36  Marine  
  110  13:40  SCV  
  110  13:42  Marine  
  110  13:44  Marine  
  110  13:45  SCV  
  110  13:47  Widow Mine  
  115  13:50  SCV  
  115  13:51  Marine  
  115  13:53  SCV  
  118  13:56  Marine  
  118  13:58  SCV  
  118  13:59  Marine  
  121  14:03  Marine  
  121  14:05  SCV, Command Center  
  121  14:06  Medivac  
  121  14:08  Widow Mine  
  121  14:09  SCV  
  128  14:10  Orbital Command  
  128  14:11  Marine  
  128  14:13  SCV  
  130  14:17  SCV, Missile Turret  
  130  14:22  SCV  
  130  14:23  Marine  
  133  14:28  Marauder  
  133  14:29  SCV  
  136  14:35  SCV  
  136  14:36  Siege Tank  
  140  14:38  SCV  
  140  14:43  SCV  
  141  14:47  SCV  
  141  14:48  Missile Turret  
  141  14:51  SCV  
  138  14:53  Marine  
  138  14:56  SCV, Marine  
  138  14:58  Marine  
  139  15:00  SCV  
  139  15:01  Supply Depot, Marine  
  139  15:03  Viking  
  139  15:05  SCV  
  144  15:10  Command Center  
  144  15:15  Unknown  
  144  15:21  Ghost  
  144  15:22  Missile Turret  
  144  15:23  Orbital Command  
  144  15:27  Ghost  
  148  15:33  Battlecruiser  
  148  15:35  Hellion  
  156  15:37  Hellion  
  156  15:41  Missile Turret  
  158  15:52  Missile Turret  
  158  15:54  Marauder  
  158  15:55  Unknown  
  160  15:58  Marauder  
  160  16:02  Missile Turret  
  162  16:10  Hellion, Missile Turret  
  166  16:11  Hellion  
  166  16:16  Marauder  
  168  16:19  Marauder  
  168  16:20  Missile Turret  
  168  16:21  Supply Depot  
  170  16:35  Hellion, Command Center  
  170  16:37  Hellion  
  170  16:38  Battlecruiser  
  180  16:53  Missile Turret  
  180  16:57  Marauder  
  180  16:59  Marauder  
  184  17:03  Hellion  
  184  17:07  Hellion  
  188  17:08  Supply Depot  
  188  17:19  Marauder  
  190  17:23  Marauder  
  192  17:39  Supply Depot  
  192  17:41  Liberator  
  195  17:45  Hellion  
  197  17:54  Hellion  
  199  17:59  Factory  
  199  18:08  Unknown  
  199  18:15  Marine  
  199  18:16  Factory Tech Lab  
  199  18:17  Marine  
  199  18:19  Marine  
  199  18:23  Marine  
  199  18:26  Hellion  
  201  18:33  Supply Depot  
  201  18:34  Marauder  
  203  18:37  Marauder  
  203  18:39  Siege Tank  
  208  18:46  Hellion  
  210  18:49  Siege Tank  
  206  19:04  SCV  
  206  19:07  Viking  
  206  19:09  SCV  
  209  19:12  SCV  
  210  19:19  SCV  
  210  19:20  Planetary Fortress  
  211  19:24  SCV  
  211  19:27  SCV  
  211  19:30  SCV  
  214  19:34  SCV  
  214  19:37  Cyclone  
  207  19:40  Battlecruiser  
  207  19:43  SCV  
  205  19:46  SCV  
  205  19:55  Marauder  
  205  19:57  SCV  
  205  19:59  Cyclone  
  211  20:02  Widow Mine  
  213  20:12  SCV  
  208  20:14  Marine  
  208  20:16  Command Center, Marine  
  208  20:17  Marine  
  199  20:22  SCV  
  199  20:23  Marine  
  199  20:26  SCV  
  193  20:32  SCV, Marauder  
  193  20:34  Siege Tank  
  199  20:36  Starport  
  199  20:38  SCV  
  199  20:40  SCV  
  194  20:44  SCV  
  194  20:46  Marauder  
  192  20:50  Siege Tank  
  192  20:52  SCV, Liberator  
  192  20:54  Marauder  
  192  20:55  SCV  
  192  20:56  Orbital Command  
  199  21:04  SCV  
  199  21:06  Siege Tank  
  199  21:09  Command Center  
  202  21:13  Hellion  
  202  21:18  Medivac  
  206  21:20  Factory  
  206  21:24  Marine  
  199  21:27  Marine  
  199  21:28  Marine  
  199  21:30  Marine  
  199  21:32  Marine  
  160  21:42  Marine  
  160  21:45  Marine  
  160  21:46  Marine  
  145  21:47  SCV  
  145  21:49  Marine  
  145  21:53  SCV  
  145  21:55  Marine  
  145  21:57  Hellion  
  145  22:00  Hellion, Marine  
  141  22:04  Hellion  
  141  22:05  SCV  
  141  22:08  Marine  
  123  22:14  Hellion  
  119  22:15  SCV  
  119  22:16  Supply Depot  
  119  22:17  Marine  
  119  22:19  Hellion  
  119  22:22  Hellion, Liberator  
  121  22:24  Marine  
  121  22:25  Marine  
  121  22:27  Marine  
  121  22:29  SCV  
  120  22:31  Liberator  
  120  22:32  Marine  
  120  22:34  Hellion  
  120  22:35  Marine  
  123  22:38  SCV  
  123  22:42  Marine  
  123  22:44  Marine  
  104  22:46  SCV  
  104  22:48  Marine  
  104  22:49  SCV  
  104  22:51  SCV  
  84  22:52  Marine  
  84  22:54  SCV  
  84  22:55  Marine  
  84  22:58  SCV  
  69  23:00  Marine  
  69  23:01  Hellion  
  69  23:02  SCV  
  69  23:03  Marine  
  69  23:05  Hellion  
  73  23:06  Marine  
  73  23:08  Hellion  
  73  23:11  Hellion  
  78  23:13  Marine  
  78  23:17  Marine  
  78  23:23  Marine  
  78  23:24  Siege Tank  
  78  23:26  Marine  
  83  23:28  Siege Tank  
  83  23:29  Marine  
  83  23:32  Viking  
  83  23:33  Missile Turret, Liberator  
  92  23:38  SCV  
  85  23:42  SCV  
  85  23:45  SCV  
  80  23:51  SCV, Marine  
  73  23:55  SCV  
  73  23:57  Marine  
  73  23:59  SCV  
  73  24:00  Marine  
  74  24:03  SCV, Command Center  
  74  24:04  Siege Tank  
  74  24:06  Marine  
  74  24:08  SCV  
  70  24:12  SCV  
  70  24:13  Marine  
  70  24:15  SCV  
  70  24:16  Marine  
  73  24:20  SCV, Marine  
  73  24:25  Marine  
  73  24:26  SCV  
  73  24:27  SCV  
  73  24:28  Siege Tank  
  77  24:33  SCV  
  77  24:37  Siege Tank  
  81  24:41  Marine  
  81  24:43  Marine  
  57  24:45  Marine  
  57  24:48  Marine  
  57  24:50  Marine  
  50  24:57  Viking  
  50  24:59  Marine  
  53  25:00  Missile Turret  
  53  25:01  Marine  
  53  25:04  Marine  
  53  25:06  Marine  
  56  25:07  Marine  
  56  25:12  Command Center  
  56  25:15  SCV  
  56  25:17  SCV, Marine  
  56  25:20  Marine  
  59  25:31  Hellion  
  59  25:33  Hellion  
  59  25:35  Hellion  
  65  25:37  SCV  
  65  25:41  SCV  
  65  25:42  Hellion  
  68  25:43  SCV  
  68  25:49  SCV  
  68  25:50  Marauder  
  68  25:52  Hellion  
  68  25:53  SCV, Viking, Command Center  
  68  25:55  SCV  
  78  25:58  Hellion  
  78  26:01  SCV  
  78  26:04  Hellion  
  81  26:06  SCV  
  81  26:07  SCV  
  80  26:12  Marine  
  80  26:13  SCV, Marine  
  80  26:14  Marine  
  80  26:15  Marine  
  80  26:17  Marine  
  80  26:18  SCV  
  64  26:29  Hellion  
  64  26:30  Marauder  
  64  26:31  Hellion, Marauder  
  43  26:40  SCV  
  43  26:42  SCV  
  44  26:51  Hellion  
  44  26:52  SCV  
  43  26:56  SCV  
  41  27:02  Hellion  
  41  27:04  SCV  
  41  27:07  SCV  
  42  27:10  SCV  
  42  27:12  Hellion  
  43  27:16  SCV  
  43  27:20  SCV  
  45  27:23  SCV, Hellion  
  45  27:28  SCV  
  49  27:30  Barracks  
  49  27:34  Hellion  
  49  27:35  SCV  
  51  27:45  Hellion  
  50  27:52  Starport  
  50  27:55  SCV  
  50  27:58  SCV  
  42  28:05  Command Center  
  42  28:07  SCV  
  42  28:10  SCV  
  46  28:18  Marine  
  43  28:22  SCV  
  43  28:24  SCV  
  43  28:34  SCV  
  44  28:36  SCV, Marine  
  44  28:37  Supply Depot  
  46  28:46  SCV  
  46  28:48  SCV  
  44  28:58  SCV  
  44  29:00  SCV  
  43  29:10  SCV  
  43  29:12  SCV  
  28  29:24  SCV  
  29  29:34  Command Center  
  27  29:51  SCV  
  9  30:20  Barracks  
  9  30:25  Command Center  
  8  30:48  Supply Depot  
  8  31:02  Command Center  
  5  31:34  Barracks  
  5  31:37  Command Center  
  5  31:53  Command Center  
  4  32:04  Barracks  
  1  32:37  Command Center  
Show
View Real Time Build Order
Export as new Build Order

Player 11 Terran 

Build Orders:  

Get SALT Encoding   

  12  0:01  SCV  
  13  0:13  SCV  
  14  0:15  Supply Depot  
  14  0:24  Unknown  
  14  0:25  SCV  
  15  0:37  SCV  
  16  0:45  Barracks  
  16  0:49  SCV  
  17  0:56  Supply Depot  
  17  1:02  SCV  
  18  1:14  SCV  
  19  1:24  Barracks  
  19  1:26  SCV  
  20  1:33  Marine  
  20  1:35  Factory  
  20  1:38  SCV, Supply Depot  
  22  1:50  SCV  
  22  1:51  Marine  
  24  2:01  Command Center  
  24  2:02  SCV  
  25  2:09  Marine  
  25  2:10  Marine  
  25  2:14  SCV  
  28  2:21  Factory Tech Lab  
  28  2:26  SCV  
  28  2:28  Marine  
  30  2:31  Marine  
  31  2:37  Supply Depot  
  31  2:38  SCV  
  31  2:41  Siege Tank  
  35  2:50  SCV, Marine  
  37  2:59  Marine  
  37  3:03  Orbital Command  
  38  3:08  Marine  
  40  3:12  SCV  
  40  3:13  Siege Tank  
  43  3:21  Barracks Tech Lab, Barracks  
  43  3:25  SCV  
  44  3:29  SCV  
  44  3:34  Marine, Starport  
  45  3:37  SCV  
  47  3:41  Marine  
  47  3:42  SCV  
  49  3:49  SCV  
  49  3:53  Barracks Tech Lab  
  49  3:54  SCV  
  51  3:59  Unknown, Marine  
  51  4:01  SCV  
  53  4:06  SCV  
  53  4:07  Marine  
  53  4:08  Supply Depot  
  55  4:11  Medivac  
  55  4:12  Supply Depot, Marine  
  55  4:13  SCV  
  59  4:17  Marine  
  59  4:18  SCV  
  59  4:22  Combat Shield, Stimpack  
  61  4:25  SCV  
  61  4:30  Marine  
  65  4:31  Marauder  
  65  4:35  SCV, Marauder  
  65  4:37  SCV  
  65  4:38  Engineering Bay  
  69  4:41  Medivac  
  69  4:45  Supply Depot  
  71  4:48  SCV  
  71  4:49  SCV, Marine  
  71  4:50  Supply Depot  
  76  4:53  Marauder  
  76  4:55  Supply Depot  
  76  4:57  Marauder  
  78  5:03  Supply Depot  
  78  5:04  Orbital Command  
  78  5:07  Marine  
  78  5:08  Unknown  
  78  5:14  Marine  
  80  5:17  Hellion  
  80  5:18  Marauder  
  80  5:21  Missile Turret  
  63  5:24  Unknown  
  63  5:25  Marine  
  48  5:34  Marauder, Missile Turret  
  49  5:36  SCV  
  49  5:38  Siege Tank  
  49  5:39  SCV  
  41  5:46  Marauder  
  41  5:47  Marine  
  41  5:48  SCV  
  41  5:49  Ghost Academy  
  35  5:51  SCV  
  35  5:55  Marine  
  31  6:01  SCV  
  31  6:03  SCV  
  30  6:08  Marauder  
  23  6:13  Marine  
  23  6:18  Hellion  
  20  6:24  SCV  
  19  6:31  Ghost  
  22  6:36  SCV  
  22  6:39  Hellion  
  10  7:33  Supply Depot  
Show
View Real Time Build Order
Export as new Build Order

Player 12 Zerg 

Build Orders: Pool First 

Get SALT Encoding   

  12  0:01  Drone  
  13  0:11  Overlord  
  13  0:13  Drone  
  14  0:29  Drone x2  
  14  0:34  Spawning Pool  
  14  0:35  Drone  
  16  0:44  Drone  
  17  0:59  Hatchery  
  17  1:04  Drone  
  17  1:06  Unknown  
  17  1:08  Drone  
  17  1:16  Drone  
  18  1:21  Queen  
  20  1:27  Overlord  
  20  1:38  Drone  
  21  1:48  Zergling x2  
  21  1:51  Roach Warren  
  21  1:57  Queen  
  21  1:59  Drone  
  24  2:10  Drone  
  24  2:11  Drone  
  26  2:21  Drone  
  26  2:22  Drone  
  28  2:28  Zergling x4  
  28  2:29  Overlord, Drone  
  31  2:31  Drone  
  31  2:33  Drone  
  31  2:34  Roach  
  35  2:40  Lair  
  35  2:44  Overlord, Drone  
  36  2:54  Roach  
  36  2:55  Roach  
  40  2:59  Overlord  
  40  3:00  Zergling x2  
  40  3:01  Zergling x2  
  40  3:02  Roach  
  40  3:03  Zergling x2  
  40  3:04  Drone  
  40  3:05  Drone  
  47  3:10  Drone  
  48  3:16  Drone  
  49  3:21  Drone  
  50  3:27  Overlord  
  50  3:28  Roach  
  50  3:30  Roach  
  50  3:31  Roach  
  50  3:32  Roach  
  50  3:33  Overlord  
  58  3:35  Drone  
  58  3:36  Overlord  
  58  3:38  Drone  
  60  3:42  Hydralisk Den  
  60  3:43  Drone  
  60  3:47  Roach x2  
  64  3:58  Overlord  
  64  4:10  Overlord  
  64  4:11  Hydralisk  
  64  4:13  Overlord  
  64  4:15  Drone  
  64  4:16  Drone  
  68  4:17  Drone  
  68  4:18  Drone  
  68  4:19  Drone  
  68  4:20  Drone  
  68  4:22  Hydralisk  
  68  4:23  Roach  
  68  4:24  Hydralisk  
  74  4:25  Roach  
  74  4:26  Hydralisk  
  74  4:27  Hydralisk  
  74  4:29  Hydralisk  
  74  4:30  Hydralisk  
  81  4:31  Hydralisk  
  81  4:32  Hydralisk  
  81  4:34  Queen, Hydralisk  
  81  4:36  Hydralisk  
  87  4:39  Hydralisk  
  87  4:41  Hydralisk  
  87  4:42  Hydralisk  
  87  4:43  Hydralisk  
  87  4:45  Spore Crawler, Drone  
  90  4:47  Hydralisk  
  92  4:54  Spore Crawler  
  92  4:55  Drone  
  92  5:07  Zergling x2, Unknown  
  92  5:12  Zergling x2  
  92  5:13  Zergling x2, Unknown  
  93  5:16  Zergling x2  
  94  5:21  Roach  
  94  5:24  Overlord  
  94  5:26  Hatchery  
  94  5:27  Roach  
  97  5:29  Roach  
  97  5:33  Roach  
  97  5:34  Hydralisk, Baneling Nest  
  101  5:37  Hydralisk  
  101  5:40  Drone  
  103  5:43  Roach  
  103  5:44  Hydralisk  
  103  5:47  Drone  
  103  5:49  Roach  
  109  5:52  Overlord  
  109  5:54  Roach  
  113  5:57  Roach  
  113  5:59  Overseer  
  113  6:01  Drone  
  113  6:03  Evolution Chamber, Hydralisk  
  114  6:07  Drone  
  114  6:10  Drone  
  116  6:11  Evolution Chamber  
  116  6:15  Overlord  
  115  6:18  Drone  
  115  6:21  Infestation Pit  
  115  6:24  Baneling  
  115  6:26  Drone  
  115  6:30  Drone  
  117  6:33  Evolution Chamber, Baneling  
  117  6:37  Baneling  
  117  6:39  Drone  
  117  6:42  Overlord  
  117  6:45  Zergling x2  
  118  6:49  Drone  
  118  6:52  Zergling x2  
  120  6:58  Unknown  
  102  7:05  Drone  
  81  7:11  Infestor  
  81  7:14  Hydralisk  
  62  7:17  Zergling x2  
  62  7:21  Drone  
  55  7:23  Zergling x2  
  55  7:26  Baneling  
  55  7:29  Roach  
  58  7:30  Spire  
  58  7:33  Roach  
  58  7:35  Roach  
  61  7:37  Hive  
  61  7:38  Roach  
  61  7:40  Hydralisk  
  61  7:42  Hydralisk  
  65  7:45  Hydralisk  
  65  7:49  Zergling x2  
  65  7:50  Unknown  
  66  7:52  Drone  
  66  7:55  Infestor  
  66  7:57  Zergling x2  
  70  8:00  Drone  
  70  8:03  Roach  
  73  8:06  Roach  
  73  8:09  Spine Crawler, Roach  
  73  8:10  Hydralisk  
  77  8:13  Hydralisk  
  77  8:16  Hydralisk  
  77  8:19  Zergling x2  
  80  8:21  Zergling x2, Spine Crawler  
  80  8:22  Drone  
  80  8:24  Roach  
  80  8:26  Roach  
  85  8:28  Drone  
  85  8:31  Roach  
  85  8:33  Hydralisk  
  89  8:34  Hydralisk  
  89  8:37  Hydralisk  
  89  8:40  Zergling x2  
  92  8:42  Zergling x2  
  92  8:44  Roach  
  92  8:47  Roach  
  97  8:49  Drone  
  97  8:51  Roach  
  97  8:52  Hydralisk  
  97  8:55  Hydralisk  
  101  8:56  Hydralisk  
  101  9:00  Zergling x2  
  101  9:01  Mutalisk  
  106  9:04  Roach  
  106  9:05  Mutalisk  
  106  9:09  Roach  
  112  9:10  Overlord  
  112  9:16  Drone  
  101  9:19  Roach  
  101  9:22  Hydralisk  
  98  9:25  Hydralisk  
  98  9:26  Spore Crawler  
  98  9:28  Hydralisk  
  81  9:32  Mutalisk  
  81  9:36  Roach  
  69  9:39  Mutalisk  
  69  9:42  Zergling x2  
  69  9:45  Zergling x2  
  63  9:48  Roach  
  63  9:50  Drone  
  63  9:52  Hydralisk  
  59  9:55  Roach  
  59  9:57  Roach  
  57  10:00  Drone  
  57  10:01  Hydralisk  
  57  10:05  Drone  
  57  10:06  Hydralisk  
  53  10:09  Drone  
  53  10:11  Drone  
  52  10:15  Zergling x2  
  52  10:17  Zergling x2  
  52  10:18  Spore Crawler  
  52  10:19  Roach  
  52  10:20  Hydralisk  
  47  10:22  Roach  
  47  10:26  Drone  
  45  10:29  Queen  
  45  10:35  Spore Crawler, Hydralisk  
  45  10:37  Drone  
  45  10:40  Drone  
  45  10:41  Hydralisk  
  46  10:43  Drone  
  46  10:45  Hydralisk  
  46  10:47  Hydralisk, Drone  
  50  10:53  Zergling x2  
  50  10:55  Drone  
  48  11:04  Hydralisk, Drone  
  50  11:12  Drone  
  50  11:14  Roach  
  53  11:20  Zergling x2  
  53  11:25  Roach  
  52  11:31  Zergling x2  
  53  11:36  Roach  
  53  11:37  Hydralisk  
  56  11:40  Drone  
  56  11:41  Roach  
  56  11:43  Drone  
  56  11:46  Roach  
  63  11:47  Hatchery, Drone  
  63  11:51  Drone  
  63  11:54  Drone  
  64  11:57  Greater Spire  
  64  12:04  Drone  
  64  12:05  Hydralisk  
  64  12:08  Drone  
  67  12:09  Roach  
  67  12:11  Drone  
  67  12:12  Roach  
  67  12:14  Drone  
  67  12:15  Infestor  
  73  12:19  Drone  
  76  12:24  Drone  
  76  12:29  Corruptor  
  79  12:34  Infestor  
  81  12:39  Zergling x2  
  82  12:47  Zergling x2  
  82  12:49  Zergling x2  
  84  12:56  Zergling x2  
  85  13:04  Zergling x2  
  86  13:08  Zergling x2  
  86  13:09  Drone  
  86  13:11  Zergling x2  
  89  13:13  Drone  
  89  13:17  Drone  
  74  13:25  Roach  
  74  13:26  Hydralisk  
  66  13:28  Roach  
  66  13:34  Queen  
  63  13:36  Roach  
  63  13:37  Drone  
  63  13:39  Roach  
  64  13:43  Zergling x2  
  64  13:45  Drone  
  63  13:50  Drone  
  63  13:52  Spine Crawler  
  57  13:57  Drone  
  57  13:59  Drone  
  57  14:01  Drone  
  56  14:03  Overseer  
  56  14:04  Hydralisk  
  56  14:05  Spine Crawler  
  56  14:06  Drone  
  53  14:12  Zergling x2  
  53  14:14  Overseer  
  53  14:16  Drone  
  50  14:18  Roach  
  50  14:21  Overseer  
  50  14:22  Spine Crawler  
  51  14:25  Roach  
  51  14:27  Drone  
  51  14:28  Zergling x2  
  51  14:30  Overseer  
  54  14:31  Unknown  
  54  14:33  Overlord  
  54  14:37  Corruptor  
  47  14:43  Infestation Pit  
  42  14:48  Drone  
  42  14:52  Drone  
  41  14:53  Overlord  
  41  14:55  Zergling x2, Spine Crawler  
  41  14:56  Drone  
  41  14:57  Zergling x2  
  41  14:59  Drone  
  39  15:01  Roach  
  39  15:02  Roach  
  35  15:09  Roach  
  35  15:10  Queen  
  35  15:13  Roach  
  35  15:14  Overlord  
  39  15:15  Unknown, Hydralisk  
  39  15:17  Drone  
  39  15:18  Hydralisk  
  39  15:20  Zergling x2  
  39  15:21  Hydralisk  
  41  15:23  Roach  
  41  15:26  Hydralisk  
  45  15:32  Infestor  
  45  15:35  Baneling Nest  
  46  15:36  Drone  
  46  15:42  Infestor  
  49  15:46  Roach  
  50  15:53  Overlord  
  49  15:57  Zergling x2  
  49  16:02  Spine Crawler, Drone  
  49  16:10  Zergling x2  
  46  16:12  Overseer  
  46  16:16  Spine Crawler  
  45  16:19  Overlord  
  45  16:26  Overseer  
  45  16:29  Overseer  
  44  16:38  Roach  
  46  16:40  Overlord  
  46  16:42  Roach  
  46  16:44  Zergling x2  
  46  16:45  Zergling x2  
  50  16:49  Hydralisk  
  50  16:52  Hatchery  
  50  16:54  Drone  
  50  16:55  Zergling x2  
  50  16:57  Drone  
  50  17:00  Drone  
  53  17:05  Unknown  
  53  17:06  Drone  
  53  17:15  Drone  
  52  17:18  Overseer  
  51  17:26  Spore Crawler, Queen  
  51  17:29  Overlord  
  52  17:34  Spore Crawler  
  52  17:35  Drone  
  52  17:47  Drone  
  52  17:49  Zergling x2  
  52  17:50  Spine Crawler  
  49  17:52  Drone  
  49  17:54  Drone  
  49  17:56  Roach  
  53  18:00  Spore Crawler  
  53  18:01  Drone  
  53  18:04  Drone  
  54  18:06  Zergling x2  
  54  18:12  Drone  
  56  18:17  Overlord  
  56  18:21  Overseer, Drone  
  56  18:23  Drone  
  57  18:35  Drone  
  57  18:37  Drone  
  57  18:38  Drone  
  57  18:40  Overlord  
  59  18:41  Spine Crawler  
  59  18:42  Drone  
  59  18:43  Drone  
  59  18:45  Zergling x2  
  59  18:46  Drone  
  59  18:48  Zergling x2  
  63  18:50  Drone  
  63  18:51  Zergling x2  
  63  18:53  Drone  
  63  18:55  Baneling  
  65  18:56  Drone  
  65  18:58  Baneling  
  65  19:00  Drone  
  65  19:01  Overlord  
  67  19:03  Drone  
  67  19:06  Drone  
  67  19:08  Zergling x2  
  70  19:10  Drone  
  70  19:12  Zergling x2  
  70  19:13  Drone  
  70  19:15  Zergling x2  
  73  19:18  Baneling  
  73  19:19  Drone  
  73  19:22  Zergling x2  
  75  19:24  Baneling  
  75  19:26  Overlord  
  75  19:28  Drone  
  75  19:29  Spine Crawler  
  75  19:32  Baneling  
  75  19:34  Drone  
  75  19:36  Drone  
  76  19:39  Baneling  
  76  19:45  Drone  
  76  19:47  Overlord  
  76  19:49  Drone  
  76  19:52  Drone  
  67  19:53  Drone  
  67  19:56  Overseer  
  67  19:58  Hydralisk  
  44  20:00  Drone  
  44  20:01  Queen  
  44  20:03  Zergling x2  
  44  20:04  Roach  
  44  20:05  Zergling x2  
  38  20:14  Overlord  
  36  20:20  Overlord  
  35  20:30  Overlord  
  35  20:48  Zergling x2  
  35  20:50  Overlord  
  35  20:51  Roach  
  35  20:53  Roach  
  35  20:55  Roach  
  40  20:59  Hydralisk  
  40  21:02  Ultralisk Cavern  
  40  21:03  Hydralisk  
  39  21:04  Overseer  
  39  21:09  Drone  
  38  21:11  Drone  
  38  21:13  Zergling x2  
  38  21:15  Drone  
  38  21:16  Overlord  
  39  21:18  Roach  
  39  21:21  Drone  
  39  21:25  Hydralisk  
  40  21:27  Overseer  
  40  21:31  Zergling x2  
  40  21:32  Hydralisk  
  43  21:35  Baneling x2  
  43  21:40  Drone  
  43  21:41  Drone x2  
  43  21:42  Hatchery, Drone  
  43  21:43  Drone  
  43  21:44  Overlord  
  47  21:47  Drone  
  47  21:49  Ultralisk  
  47  21:50  Baneling  
  47  21:52  Baneling  
  54  21:55  Zergling x2  
  54  21:57  Zergling x2  
  54  22:00  Overseer  
  56  22:05  Drone  
  56  22:08  Drone  
  58  22:11  Ultralisk  
  58  22:12  Overlord  
  58  22:13  Zergling x2  
  58  22:14  Zergling x2  
  66  22:16  Zergling x2  
  66  22:17  Baneling  
  66  22:18  Unknown, Baneling  
  66  22:19  Zergling x2  
  66  22:21  Baneling  
  67  22:22  Baneling  
  67  22:25  Drone  
  67  22:26  Drone  
  67  22:32  Overlord  
  67  22:34  Baneling  
  67  22:36  Baneling  
  67  22:37  Drone  
  67  22:39  Baneling x2  
  67  22:42  Baneling  
  67  22:44  Baneling  
  67  22:45  Zergling x2  
  67  22:47  Overseer  
  67  22:48  Baneling  
  68  22:52  Overlord  
  68  22:53  Zergling x2  
  68  22:54  Drone  
  68  22:56  Drone  
  68  22:57  Drone  
  72  22:58  Drone  
  72  23:00  Drone  
  72  23:01  Drone  
  72  23:02  Drone  
  72  23:03  Baneling  
  72  23:05  Drone  
  77  23:07  Drone  
  77  23:09  Drone  
  77  23:10  Baneling  
  77  23:12  Spine Crawler, Baneling  
  78  23:14  Zergling x2  
  78  23:16  Drone  
  78  23:17  Overlord  
  78  23:18  Spine Crawler, Drone  
  78  23:19  Drone  
  81  23:21  Drone  
  81  23:23  Roach, Drone  
  86  23:27  Drone  
  86  23:31  Roach  
  88  23:34  Roach  
  88  23:37  Overlord  
  90  23:42  Roach  
  90  23:44  Roach  
  94  23:49  Roach  
  94  23:52  Hatchery  
  94  23:53  Roach  
  97  23:57  Roach  
  97  23:58  Overlord  
  97  24:01  Roach  
  101  24:03  Roach  
  101  24:05  Roach  
  105  24:16  Spine Crawler  
  104  24:18  Roach  
  104  24:20  Overlord  
  104  24:22  Roach  
  108  24:25  Roach  
  108  24:27  Roach  
  108  24:29  Roach  
  113  24:43  Overlord  
  111  24:46  Zergling x2  
  111  24:49  Hydralisk  
  111  24:52  Roach  
  111  24:54  Hydralisk  
  111  24:56  Roach  
  111  24:58  Hydralisk  
  115  25:00  Hydralisk  
  115  25:02  Hydralisk  
  115  25:05  Mutalisk  
  119  25:07  Mutalisk  
  119  25:09  Hydralisk  
  119  25:12  Overlord  
  119  25:14  Drone  
  123  25:15  Hydralisk  
  123  25:17  Hydralisk  
  123  25:18  Hydralisk  
  126  25:21  Drone  
  126  25:23  Hydralisk  
  128  25:31  Drone  
  128  25:33  Mutalisk  
  131  25:36  Overseer  
  131  25:38  Hydralisk  
  131  25:40  Overlord  
  131  25:42  Spore Crawler, Drone  
  132  25:45  Drone  
  132  25:46  Hatchery  
  132  25:47  Drone  
  132  25:49  Hydralisk  
  129  25:51  Drone  
  129  25:53  Hydralisk  
  129  25:56  Drone  
  129  25:57  Mutalisk  
  129  26:01  Drone  
  129  26:02  Hydralisk  
  129  26:04  Overlord  
  128  26:06  Drone  
  128  26:08  Roach  
  128  26:10  Hydralisk  
  130  26:12  Drone  
  130  26:13  Mutalisk  
  130  26:16  Zergling x2  
  130  26:17  Drone  
  130  26:18  Hydralisk  
  131  26:20  Hydralisk  
  131  26:23  Drone  
  131  26:24  Hydralisk  
  133  26:26  Mutalisk  
  133  26:28  Overlord  
  133  26:30  Drone  
  133  26:32  Hydralisk  
  137  26:34  Mutalisk  
  137  26:36  Drone  
  137  26:38  Hydralisk  
  139  26:40  Mutalisk  
  139  26:42  Mutalisk  
  139  26:45  Hydralisk  
  139  26:47  Mutalisk  
  142  26:49  Mutalisk  
  142  26:51  Hydralisk  
  143  26:54  Overlord  
  143  26:57  Mutalisk, Spine Crawler  
  143  26:59  Hydralisk  
  143  27:01  Mutalisk  
  145  27:03  Mutalisk  
  145  27:05  Mutalisk  
  145  27:08  Drone  
  148  27:10  Hydralisk  
  148  27:12  Mutalisk  
  148  27:14  Drone  
  149  27:15  Hydralisk  
  149  27:18  Hydralisk  
  149  27:21  Drone  
  143  27:23  Mutalisk  
  143  27:25  Mutalisk  
  143  27:27  Drone  
  143  27:29  Hydralisk  
  146  27:31  Mutalisk  
  146  27:34  Mutalisk  
  146  27:36  Overlord  
  150  27:39  Drone  
  150  27:41  Hydralisk  
  150  27:43  Mutalisk  
  150  27:45  Mutalisk  
  150  27:48  Drone  
  150  27:49  Hydralisk  
  150  27:50  Spine Crawler  
  149  27:51  Drone  
  149  27:54  Drone  
  149  27:56  Drone  
  152  27:58  Drone  
  152  28:01  Drone  
  152  28:02  Drone  
  152  28:03  Spine Crawler  
  152  28:05  Drone  
  152  28:07  Zergling x2  
  152  28:09  Drone  
  152  28:11  Roach  
  145  28:13  Drone  
  145  28:15  Zergling x2, Spore Crawler  
  145  28:18  Roach  
  135  28:20  Drone  
  135  28:22  Roach  
  135  28:25  Spore Crawler, Roach  
  135  28:26  Roach  
  125  28:28  Drone  
  125  28:31  Roach  
  125  28:32  Queen  
  128  28:34  Drone  
  128  28:36  Roach  
  128  28:38  Roach  
  128  28:40  Spine Crawler, Roach  
  128  28:41  Queen  
  127  28:43  Drone  
  127  28:46  Roach  
  127  28:47  Roach  
  130  28:49  Roach  
  130  28:51  Drone  
  130  28:52  Spine Crawler, Queen  
  130  28:54  Roach  
  133  28:57  Roach  
  133  28:58  Drone  
  133  29:00  Roach  
  133  29:01  Drone  
  138  29:02  Queen  
  138  29:04  Spine Crawler  
  138  29:05  Roach  
  138  29:06  Drone  
  138  29:08  Drone  
  143  29:11  Drone  
  143  29:13  Hydralisk  
  140  29:18  Hydralisk  
  140  29:20  Spine Crawler  
  136  29:25  Hatchery  
  136  29:28  Drone  
  136  29:29  Hydralisk  
  133  29:32  Roach  
  133  29:34  Roach  
  133  29:36  Spine Crawler, Roach  
  133  29:37  Roach  
  134  29:41  Zergling x2  
  134  29:43  Hydralisk  
  131  29:45  Zergling x2  
  131  29:48  Roach  
  131  29:49  Roach  
  131  29:51  Roach  
  131  29:52  Spine Crawler  
  134  29:53  Roach  
  134  29:54  Roach  
  134  29:56  Drone  
  129  30:01  Baneling  
  129  30:03  Ultralisk  
  129  30:04  Spine Crawler  
  129  30:05  Baneling  
  128  30:07  Ultralisk  
  128  30:09  Zergling x2  
  128  30:11  Roach  
  128  30:13  Roach  
  133  30:15  Roach  
  133  30:18  Baneling  
  133  30:19  Zergling x2  
  136  30:26  Spore Crawler  
  136  30:27  Hydralisk  
  135  30:29  Hydralisk  
  135  30:31  Drone  
  135  30:33  Hydralisk  
  135  30:35  Drone  
  138  30:37  Drone  
  138  30:38  Hydralisk  
  139  30:43  Drone  
  139  30:44  Overlord  
  139  30:46  Drone  
  139  30:47  Hydralisk  
  139  30:49  Drone  
  142  30:51  Hydralisk  
  142  30:52  Hydralisk  
  142  30:55  Hydralisk, Drone  
  144  30:58  Drone  
  144  30:59  Drone  
  144  31:01  Drone  
  145  31:04  Drone  
  145  31:06  Drone  
  145  31:08  Drone  
  145  31:09  Drone  
  145  31:13  Drone  
  145  31:15  Drone  
  145  31:16  Drone  
  143  31:20  Drone  
  143  31:22  Drone  
  143  31:23  Spine Crawler, Drone  
  145  31:26  Drone  
  145  31:28  Overlord  
  145  31:30  Drone  
  145  31:31  Drone  
  147  31:33  Drone  
  147  31:35  Drone  
  147  31:37  Drone  
  150  31:44  Drone  
  150  31:46  Hatchery  
  147  31:47  Overlord  
  147  31:48  Drone  
  147  31:50  Drone  
  147  31:52  Drone  
  147  31:53  Drone  
  140  31:55  Drone  
  140  31:58  Drone  
  140  32:01  Overseer  
  129  32:03  Drone  
  129  32:04  Drone  
  112  32:13  Zergling x2  
  112  32:14  Drone  
  104  32:21  Hatchery  
  100  32:22  Hydralisk  
  100  32:24  Drone  
  100  32:27  Drone  
  100  32:29  Ultralisk  
  107  32:32  Drone  
  107  32:33  Overseer  
  107  32:35  Roach  
  107  32:36  Drone  
  108  32:38  Roach  
  108  32:39  Roach  
  108  32:41  Roach, Drone  
  108  32:43  Drone  
  108  32:46  Zergling x2  
  108  32:47  Hydralisk  
  102  32:51  Drone  
  102  32:54  Roach  
  102  32:56  Roach  
  102  32:57  Roach  
  102  32:58  Drone  
  105  33:00  Zergling x2  
  105  33:05  Drone  
  107  33:07  Drone  
  107  33:08  Drone  
  107  33:09  Drone  
  107  33:11  Drone  
  107  33:12  Hydralisk  
  111  33:14  Drone  
  111  33:15  Drone  
  111  33:17  Drone  
  111  33:18  Drone  
  111  33:19  Drone  
  112  33:20  Drone  
  112  33:21  Drone  
  112  33:25  Drone  
  108  33:27  Hatchery  
  108  33:28  Drone  
  108  33:29  Drone  
  108  33:31  Drone  
  108  33:32  Drone  
  104  33:34  Hydralisk  
  104  33:36  Drone  
  104  33:37  Drone  
  104  33:38  Drone  
  104  33:39  Drone  
  104  33:40  Drone x2  
  102  33:41  Drone  
  102  33:48  Drone  
  103  33:51  Hydralisk  
  90  33:56  Queen  
  90  33:58  Zergling x2  
  90  34:00  Zergling x2  
  90  34:01  Queen  
  68  34:03  Drone  
  68  34:04  Drone  
  68  34:06  Roach  
  68  34:07  Roach  
  68  34:08  Roach  
  68  34:09  Roach  
  69  34:11  Drone  
  69  34:15  Hydralisk  
  70  34:20  Hydralisk  
  70  34:26  Hydralisk  
  70  34:30  Hydralisk  
  63  34:34  Ultralisk  
  63  34:35  Ultralisk  
  63  34:36  Roach  
  63  34:38  Roach  
  77  34:39  Roach  
  77  34:41  Roach  
  77  34:42  Roach  
  77  34:43  Drone  
  77  34:44  Queen  
  86  34:49  Zergling x2, Queen  
  86  34:51  Hatchery, Drone  
  86  34:52  Drone  
  86  35:00  Drone  
  86  35:03  Roach  
  86  35:04  Roach  
  86  35:05  Roach  
  86  35:06  Roach  
  95  35:07  Roach  
  95  35:08  Roach  
  95  35:09  Roach  
  95  35:10  Roach x2  
  95  35:11  Drone  
  95  35:12  Roach  
  95  35:13  Drone  
  95  35:14  Drone  
  109  35:17  Drone  
  109  35:20  Drone  
  104  35:22  Drone  
  104  35:25  Hatchery  
  104  35:28  Drone  
  97  35:29  Overseer  
  97  35:32  Zergling x2  
  97  35:33  Drone  
  97  35:34  Drone  
  97  35:35  Drone  
  93  35:36  Hydralisk, Drone  
  93  35:39  Drone  
  94  35:43  Drone  
  94  35:44  Drone  
  94  35:45  Drone  
  94  35:47  Spore Crawler  
  94  35:48  Drone  
  97  35:50  Roach  
  97  35:51  Drone  
  97  35:53  Drone  
  97  35:55  Drone  
  102  35:57  Drone x2  
  102  35:58  Drone  
  102  35:59  Drone  
  102  36:03  Drone  
  102  36:05  Drone  
  102  36:06  Drone  
  102  36:07  Drone  
  102  36:08  Spine Crawler, Queen, Drone  
  102  36:09  Queen, Drone  
  104  36:11  Queen, Drone  
  104  36:13  Drone x2  
  104  36:14  Drone  
  104  36:15  Spine Crawler, Drone  
  104  36:16  Overseer  
  104  36:17  Drone  
  104  36:18  Drone  
  110  36:19  Drone  
  110  36:20  Drone x2  
  110  36:21  Drone  
  110  36:22  Drone  
  110  36:23  Drone  
  110  36:24  Hydralisk  
  114  36:26  Drone  
  114  36:28  Drone  
  114  36:31  Drone  
  114  36:32  Drone  
  116  36:33  Drone  
  116  36:34  Drone  
  116  36:35  Drone  
  116  36:37  Overlord, Drone  
  116  36:38  Drone  
  113  36:40  Drone  
  113  36:46  Hydralisk, Drone  
  103  36:48  Drone  
  103  36:49  Drone  
  103  36:50  Drone  
  103  36:51  Drone  
  103  36:52  Drone  
  103  36:53  Hydralisk, Drone  
  105  36:55  Drone  
  105  36:58  Roach  
  105  37:01  Drone  
  108  37:05  Roach  
  108  37:12  Hatchery  
  106  37:20  Spine Crawler  
  103  37:27  Spore Crawler  
  91  37:37  Queen  
  91  37:41  Drone  
  91  37:42  Roach  
  91  37:43  Zergling x2, Drone  
  84  37:44  Roach  
  84  37:45  Drone  
  84  37:46  Drone  
  84  37:47  Drone  
  84  37:48  Roach, Drone  
  84  37:49  Drone  
  84  37:50  Drone  
  85  37:52  Zergling x2, Roach  
  85  37:53  Drone  
  85  37:54  Drone x2  
  85  37:55  Drone  
  85  37:58  Drone x2  
  83  38:09  Drone  
  83  38:11  Queen, Drone  
  77  38:13  Drone  
  77  38:14  Drone  
  77  38:15  Drone  
  77  38:16  Drone  
  77  38:17  Roach  
  80  38:21  Drone  
  80  38:22  Drone  
  80  38:26  Queen, Roach  
  82  38:30  Drone  
  82  38:33  Roach  
  80  38:35  Roach  
  78  38:41  Drone  
  78  38:42  Roach  
  78  38:43  Roach, Drone  
  78  38:44  Drone  
  78  38:45  Drone x2  
  85  38:49  Drone x2  
  85  38:51  Drone  
  85  38:52  Drone  
  85  38:53  Drone  
  86  39:00  Drone  
  85  39:03  Drone  
  86  39:20  Drone  
  86  39:24  Overlord x2  
  81  39:27  Spore Crawler  
  81  39:30  Overlord  
  80  39:42  Overlord x2  
  80  39:43  Overlord  
  80  39:44  Overlord  
  74  39:51  Overlord  
  74  39:54  Overlord  
  72  40:14  Spawning Pool  
Tags
 
Add a new tag
Caveats
  • Supply blocks, unpowered buildings, or Contaminate may cause inaccurate times.
  • Supply counts are checked every 10 seconds.